Workbook
Name \a: #REF!
Name \a: #REF!
Name \a: #REF!
Name \a: #REF!
Name \a: #REF!
Name \a: #REF!
Name \a: #REF!
Name \a: [1]PJ!#REF!
Name \b: #REF!
Name \b: #REF!
Name \b: #REF!
Name \b: #REF!
Name \eliminar: [2]RESUM96!#REF!
Name \eliminar: [2]RESUM96!#REF!
Name \eliminar: [2]RESUM96!#REF!
Name \eliminar: [2]RESUM96!#REF!
Name \eliminar1: [2]RESUM96!#REF!
Name \eliminar1: [2]RESUM96!#REF!
Name \eliminar1: [2]RESUM96!#REF!
Name \i: [3]INSUMOS!#REF!
Name \i: [3]INSUMOS!#REF!
Name \i: [3]INSUMOS!#REF!
Name \L: #REF!
Name \m: [3]INSUMOS!#REF!
Name \m: [3]INSUMOS!#REF!
Name \m: [3]INSUMOS!#REF!
Name \m: [3]INSUMOS!#REF!
Name \m: [3]INSUMOS!#REF!
Name \P: #REF!
Name \q: #REF!
Name \Q: '[4]Calamar 200%'!#REF!
Name \q: #REF!
Name \q: #REF!
Name \q: #REF!
Name \q: #REF!
Name \r: [3]INSUMOS!#REF!
Name \r: [3]INSUMOS!#REF!
Name \r: [3]INSUMOS!#REF!
Name \r: [3]INSUMOS!#REF!
Name \r: [3]INSUMOS!#REF!
Name \t: [3]INSUMOS!#REF!
Name \t: [3]INSUMOS!#REF!
Name \t: [3]INSUMOS!#REF!
Name \t: [3]INSUMOS!#REF!
Name \t: [3]INSUMOS!#REF!
Name \x: [3]INSUMOS!#REF!
Name \x: [3]INSUMOS!#REF!
Name \x: [3]INSUMOS!#REF!
Name \x: [3]INSUMOS!#REF!
Name \x: [3]INSUMOS!#REF!
Name _________________________________apu1: [3]INSUMOS!#REF!
Name _________________________________apu1: [3]INSUMOS!#REF!
Name _________________________________apu1: [3]INSUMOS!#REF!
Name _________________________________apu1: [3]INSUMOS!#REF!
Name _________________________________apu1: [3]INSUMOS!#REF!
Name ________________________________apu1: [3]INSUMOS!#REF!
Name ________________________________apu1: [3]INSUMOS!#REF!
Name ________________________________apu1: [3]INSUMOS!#REF!
Name ________________________________PJ50: #REF!
Name _______________________________apu1: [3]INSUMOS!#REF!

Sheet PPTO VEREDA PEDREGAL
F1: DIRECCIONAMIENTO ESTRATÉGICO Y ARTICULACIÓN GERENCIAL
F4: PRESUPUESTO PARA PROYECTOS DE INVERSIÓN
I7: FECHA ELABORACIÓN PRESUPUESTO: 22/05/2025
A8: ENTIDAD | F8: ALCALDIA MUNICIPAL DE SUTATAUSA
A9: NOMBRE DEL PROYECTO | F9: OBJETO: MEJORAMIENTO DE LAS VIAS RURALES DE LAS VEREDAS PEÑAS DE CAJON SECTOR LA CABECERA, VEREDA PALACIO SECTOR EL TENDIDO, VEREDA CHIPAQUIN SECTOR CHIPAQUIN, VEREDA OJO DE AGUA SECTOR LA ESCUELA, VEREDA NOVOA SECTOR LA Y, VEREDA SANTA BARBARA SECTOR LA QUINTA, VEREDA PALACIO SECTOR ENTREPIEDRA Y VEREDA PEDREGAL SECTOR TRES ESQUINAS DEL MUNICIPIO DE SUTATAUSA CUNDINAMARCA
A11: LÍNEA ESTRATÉGICA | B11: PROGRAMA | C11: SUBPROGRAMA | D11: META DE PRODUCTO | E11: OBJETIVO ESPECIFICO | F11: PRODUCTO | G11: Especificacion O Norma Tecnica | H11: Item de Pago | I11: ACTIVIDAD | J11: INSUMO | K11: AÑO 2025
K12: UNIDAD DE MEDIDA | L12: CANTIDAD | M12: V/R UNITARIO ($) | N12: V/R TOTAL ($)
A13: 2. + COMPETITIVIDAD | B13: Rutas para el progreso | C13: Vías motor del desarrollo | D13: Construir un millón de m2 de placa huella. | E13: Deterioro de la superficie de rodadura. | F13: Placa huella construida | I13: PRELIMINARES, EXCAVACIONES, RELLENOS
G14: ICCU | H14: 1 | I14: CONFORMACIÓN DE LA CALZADA EXISTENTE | J14: Maquinaria y equipo | K14: M2 | L14: ='MEMORIAS PROYECTO'!M35 -> 1250 | M14: 1159 | N14: =+ROUND(M14*L14,2) -> 1448750 | O14: =N14*1.35 -> 1955812.5
G15: ICCU | H15: 2 | I15: SUB BASE GRANULAR | J15: Materiales | K15: M3 | L15: ='MEMORIAS PROYECTO'!M78 -> 187.5 | M15: 145792 | N15: =+ROUND(M15*L15,2) -> 27336000 | O15: =N15*1.35 -> 36903600
G16: ICCU | H16: 3 | I16: EXCAVACIONES VARIAS EN MATERIAL COMÚN SECO A MANO (INCLUYE RETIRO DE SOBRANTES A UNA DISTANCIA MENOR DE 5 KM) | J16: Mano de obra no calificada | K16: M3 | L16: ='MEMORIAS PROYECTO'!M142 -> 22.802 | M16: 65346 | N16: =+ROUND(M16*L16,2) -> 1490019.5 | O16: =N16*1.35 -> 2011526.3
I17: SUBTOTAL | N17: =SUBTOTAL(9,N14:N16) -> 30274769
I18: CONCRETOS
G19: ICCU | H19: 4 | I19: CONCRETOS CLASE D, f´c =3000 psi (placas) | J19: Materiales | K19: M3 | L19: ='MEMORIAS PROYECTO'!M207 -> 78.543 | M19: 981966 | N19: =+M19*L19 -> 77126556
G20: ICCU | H20: 5 | I20: CONCRETO CICLÓPEO CLASE G, 2000 PSI 40% RAJÓN PARA BASES | J20: Materiales | K20: M3 | L20: ='MEMORIAS PROYECTO'!M259 -> 68.229 | M20: 504410 | N20: =+M20*L20 -> 34415390
G21: ICCU | H21: 6 | I21: CONCRETO CLASE E, 2500 PSI PARA BASES | J21: Materiales | K21: M3 | L21: ='MEMORIAS PROYECTO'!M315 -> 56.25 | M21: 673538 | N21: =+M21*L21 -> 37886512 | R21: SST
G22: ICCU | H22: 7 | I22: SUMINISTRO FIGURADO Y ARMADO DE ACERO DE REFUERZO 60000 PSI | J22: Materiales | K22: KG | L22: ='MEMORIAS PROYECTO'!M429 -> 8236.5076 | M22: 8165 | N22: =+M22*L22 -> 67251085 | O22: =N22*1.35 -> 90788964
I23: SUBTOTAL | N23: =SUBTOTAL(9,N19:N22) -> 2.1667954e+08
A26: VALOR COSTO DIRECTO | N26: =ROUND((SUBTOTAL(9,N14:N23)),0) -> 246954312
A27: AIU | M27: 0.355 | N27: =ROUND(N26*M27,0) -> 87668781
A28: VALOR TOTAL OBRA CIVIL | N28: =SUM(N26:N27) -> 334623093 | O28: =N28-#REF! -> #REF!
A30: PRESUPUESTO ELABORADO POR:
H38: ING. NESTOR MARQUEZ CARRILLO
H39: Secretario de Planeación e infraestructura
H40: INGENIERO CIVIL

Sheet PPTO VEREDA PALACIO S ENTREPIED
F1: DIRECCIONAMIENTO ESTRATÉGICO Y ARTICULACIÓN GERENCIAL
F4: PRESUPUESTO PARA PROYECTOS DE INVERSIÓN
I7: FECHA ELABORACIÓN PRESUPUESTO: 22/05/2025
A8: ENTIDAD | F8: ALCALDIA MUNICIPAL DE SUTATAUSA
A9: NOMBRE DEL PROYECTO | F9: OBJETO: MEJORAMIENTO DE LAS VIAS RURALES DE LAS VEREDAS PEÑAS DE CAJON SECTOR LA CABECERA, VEREDA PALACIO SECTOR EL TENDIDO, VEREDA CHIPAQUIN SECTOR CHIPAQUIN, VEREDA OJO DE AGUA SECTOR LA ESCUELA, VEREDA NOVOA SECTOR LA Y, VEREDA SANTA BARBARA SECTOR LA QUINTA, VEREDA PALACIO SECTOR ENTREPIEDRA Y VEREDA PEDREGAL SECTOR TRES ESQUINAS DEL MUNICIPIO DE SUTATAUSA CUNDINAMARCA
A11: LÍNEA ESTRATÉGICA | B11: PROGRAMA | C11: SUBPROGRAMA | D11: META DE PRODUCTO | E11: OBJETIVO ESPECIFICO | F11: PRODUCTO | G11: Especificacion O Norma Tecnica | H11: Item de Pago | I11: ACTIVIDAD | J11: INSUMO | K11: AÑO 2025
K12: UNIDAD DE MEDIDA | L12: CANTIDAD | M12: V/R UNITARIO ($) | N12: V/R TOTAL ($)
A13: 2. + COMPETITIVIDAD | B13: Rutas para el progreso | C13: Vías motor del desarrollo | D13: Construir un millón de m2 de placa huella. | E13: Deterioro de la superficie de rodadura. | F13: Placa huella construida | I13: PRELIMINARES, EXCAVACIONES, RELLENOS
G14: ICCU | H14: 1 | I14: CONFORMACIÓN DE LA CALZADA EXISTENTE | J14: Maquinaria y equipo | K14: M2 | L14: ='MEMORIAS PROYECTO'!M33 -> 1250 | M14: 1159 | N14: =+ROUND(M14*L14,2) -> 1448750 | O14: =N14*1.35 -> 1955812.5
G15: ICCU | H15: 2 | I15: SUB BASE GRANULAR | J15: Materiales | K15: M3 | L15: ='MEMORIAS PROYECTO'!M76 -> 187.5 | M15: 145792 | N15: =+ROUND(M15*L15,2) -> 27336000 | O15: =N15*1.35 -> 36903600
G16: ICCU | H16: 3 | I16: EXCAVACIONES VARIAS EN MATERIAL COMÚN SECO A MANO (INCLUYE RETIRO DE SOBRANTES A UNA DISTANCIA MENOR DE 5 KM) | J16: Mano de obra no calificada | K16: M3 | L16: ='MEMORIAS PROYECTO'!M138 -> 22.802 | M16: 65346 | N16: =+ROUND(M16*L16,2) -> 1490019.5 | O16: =N16*1.35 -> 2011526.3
I17: SUBTOTAL | N17: =SUBTOTAL(9,N14:N16) -> 30274769
I18: CONCRETOS
G19: ICCU | H19: 4 | I19: CONCRETOS CLASE D, f´c =3000 psi (placas) | J19: Materiales | K19: M3 | L19: ='MEMORIAS PROYECTO'!M203 -> 78.543 | M19: 981966 | N19: =+M19*L19 -> 77126556
G20: ICCU | H20: 5 | I20: CONCRETO CICLÓPEO CLASE G, 2000 PSI 40% RAJÓN PARA BASES | J20: Materiales | K20: M3 | L20: ='MEMORIAS PROYECTO'!M256 -> 68.229 | M20: 504410 | N20: =+M20*L20 -> 34415390
G21: ICCU | H21: 6 | I21: CONCRETO CLASE E, 2500 PSI PARA BASES | J21: Materiales | K21: M3 | L21: ='MEMORIAS PROYECTO'!M312 -> 56.25 | M21: 673538 | N21: =+M21*L21 -> 37886512 | R21: SST
G22: ICCU | H22: 7 | I22: SUMINISTRO FIGURADO Y ARMADO DE ACERO DE REFUERZO 60000 PSI | J22: Materiales | K22: KG | L22: ='MEMORIAS PROYECTO'!M420 -> 8236.5076 | M22: 8165 | N22: =+M22*L22 -> 67251085 | O22: =N22*1.35 -> 90788964
I23: SUBTOTAL | N23: =SUBTOTAL(9,N19:N22) -> 2.1667954e+08
A26: VALOR COSTO DIRECTO | N26: =ROUND((SUBTOTAL(9,N14:N23)),0) -> 246954312
A27: AIU | M27: 0.355 | N27: =ROUND(N26*M27,0) -> 87668781
A28: VALOR TOTAL OBRA CIVIL | N28: =SUM(N26:N27) -> 334623093 | O28: =N28-#REF! -> #REF!
A30: PRESUPUESTO ELABORADO POR:
H38: ING. NESTOR MARQUEZ CARRILLO
H39: Secretario de Planeación e infraestructura
H40: INGENIERO CIVIL

Sheet MEMORIAS PROYECTO
E5: REPUBLICA DE COLOMBIA
E6: DEPARATAMENTO DE CUNDINAMARCA
E7: MUNICIPIO DE SUTATAUSA
E8: ALCALDIA MUNICIPAL
E9: NIT. 899999476-1
B10: MEMORIAS DE CALCULO DE CANTIDADES DE OBRA
B11: OBJETO: MEJORAMIENTO DE LAS VIAS RURALES DE LAS VEREDAS PEÑAS DE CAJON SECTOR LA CABECERA, VEREDA PALACIO SECTOR EL TENDIDO, VEREDA CHIPAQUIN SECTOR CHIPAQUIN, VEREDA OJO DE AGUA SECTOR LA ESCUELA, VEREDA NOVOA SECTOR LA Y, VEREDA SANTA BARBARA SECTOR LA QUINTA, VEREDA PALACIO SECTOR ENTREPIEDRA Y VEREDA PEDREGAL SECTOR TRES ESQUINAS DEL MUNICIPIO DE SUTATAUSA CUNDINAMARCA
B12: (4) Item No. | C12: (5) Unidad | D12: (6) Descripción | H12: (7) Zona | I12: SECTOR | L12: (9) Fecha
B13: 6.1 | C13: M2 | D13: CONFORMACIÓN DE LA CALZADA EXISTENTE | H13: CUNDINAMARCA | I13: 1 | L13: 45799
B14: (10) Area para Dibujo | H14: (11) Localización | I14: Dimensiones | M14: (15)Medida Total
I15: (14) Longitud | J15: Ancho | K15: Espesor | L15: (14) Cantidad
H16: VEREDA PEÑAS DE CAJON SECTOR LA CABECERA
I17: 234 | J17: 5 | M17: =J17*I17 -> 1170
H18: VEREDA PALACIO SECTOR EL TENDIDO
I19: 285 | J19: 5 | M19: =J19*I19 -> 1425
H20: VEREDA CHIPAQUIN SECTOR CHIPAQUIN
I21: 234 | J21: 4.2 | M21: =J21*I21 -> 982.8
H22: VEREDA OJO DE AGUA SECTOR LA ESCUELA
I23: 201 | J23: 4.2 | M23: =J23*I23 -> 844.2
H24: VEREDA NOVOA SECTOR LA Y
I25: 225 | J25: 4.2 | M25: =J25*I25 -> 945
H26: VEREDA SANTA BARBARA SECTOR LA QUINTA
I27: 177 | J27: 4.2 | M27: =J27*I27 -> 743.4
H28: VEREDA CHIRCAL TRAMO 1
I29: 168 | J29: 4.2 | M29: =J29*I29 -> 705.6
H30: VEREDA CHIRCAL TRAMO 2
I31: 117 | J31: 4.2 | M31: =J31*I31 -> 491.4
H32: VEREDA PALACIO SECTOR ENTREPIEDRA
I33: 250 | J33: 5 | M33: =J33*I33 -> 1250
H34: VEREDA PEDREGAL SECTOR TRES ESQUINAS
I35: 250 | J35: 5 | M35: =J35*I35 -> 1250
B37: (20) Reviso
I38: Subtotal: | M38: =SUM(M16:M37) -> 9807.4
C39: ING. NESTOR MARQUEZ CARRILLO | I39: Vienen
C40: Secretario de Planeación e infraestructura | I40: Total | M40: =M38+M39 -> 9807.4
E48: REPUBLICA DE COLOMBIA
E49: DEPARATAMENTO DE CUNDINAMARCA
E50: MUNICIPIO DE SUTATAUSA
E51: ALCALDIA MUNICIPAL
E52: NIT. 899999476-1
B53: MEMORIAS DE CALCULO DE CANTIDADES DE OBRA
B54: OBJETO: MEJORAMIENTO DE LAS VIAS RURALES DE LAS VEREDAS PEÑAS DE CAJON SECTOR LA CABECERA, VEREDA PALACIO SECTOR EL TENDIDO, VEREDA CHIPAQUIN SECTOR CHIPAQUIN, VEREDA OJO DE AGUA SECTOR LA ESCUELA, VEREDA NOVOA SECTOR LA Y, VEREDA SANTA BARBARA SECTOR LA QUINTA, VEREDA PALACIO SECTOR ENTREPIEDRA Y VEREDA PEDREGAL SECTOR TRES ESQUINAS DEL MUNICIPIO DE SUTATAUSA CUNDINAMARCA
B55: (4) Item No. | C55: (5) Unidad | D55: (6) Descripción | H55: (7) Zona | I55: SECTOR | L55: (9) Fecha
B56: 3.2 | C56: M3 | D56: SUB BASE GRANULAR | H56: CUNDINAMARCA | I56: 1 | L56: 45799
B57: (10) Area para Dibujo | H57: (11) Localización | I57: Dimensiones | M57: (15)Medida Total
I58: (14) Longitud | J58: Ancho | K58: Espesor | L58: (14) Cantidad
H59: VEREDA PEÑAS DE CAJON SECTOR LA CABECERA
I60: 234 | J60: 5 | K60: 0.15 | M60: =J60*I60*K60 -> 175.5
H61: VEREDA PALACIO SECTOR EL TENDIDO
I62: 285 | J62: 5 | K62: 0.15 | M62: =J62*I62*K62 -> 213.75
H63: VEREDA CHIPAQUIN SECTOR CHIPAQUIN
I64: 234 | J64: 4.2 | K64: 0.15 | M64: =J64*I64*K64 -> 147.42
H65: VEREDA OJO DE AGUA SECTOR LA ESCUELA
I66: 201 | J66: 4.2 | K66: 0.15 | M66: =J66*I66*K66 -> 126.63
H67: VEREDA NOVOA SECTOR LA Y
I68: 225 | J68: 4.2 | K68: 0.15 | M68: =J68*I68*K68 -> 141.75
H69: VEREDA SANTA BARBARA SECTOR LA QUINTA
I70: 177 | J70: 4.2 | K70: 0.15 | M70: =J70*I70*K70 -> 111.51
H71: VEREDA CHIRCAL TRAMO 1
I72: 168 | J72: 4.2 | K72: 0.15 | M72: =J72*I72*K72 -> 105.84
H73: VEREDA CHIRCAL TRAMO 2
I74: 123 | J74: 4.2 | K74: 0.15 | M74: =J74*I74*K74 -> 77.49
H75: VEREDA PALACIO SECTOR ENTREPIEDRA
I76: 250 | J76: 5 | K76: 0.15 | M76: =J76*I76*K76 -> 187.5
H77: VEREDA PEDREGAL SECTOR TRES ESQUINAS
I78: 250 | J78: 5 | K78: 0.15 | M78: =J78*I78*K78 -> 187.5
B80: (20) Reviso
I81: Subtotal: | M81: =SUM(M59:M80) -> 1474.89
C82: ING. NESTOR MARQUEZ CARRILLO | I82: Vienen
C83: Secretario de Planeación e infraestructura | I83: Total | M83: =M81+M82 -> 1474.89
E95: REPUBLICA DE COLOMBIA
E96: DEPARATAMENTO DE CUNDINAMARCA
E97: MUNICIPIO DE SUTATAUSA
E98: ALCALDIA MUNICIPAL
E99: NIT. 899999476-1
B100: MEMORIAS DE CALCULO DE CANTIDADES DE OBRA
B101: OBJETO: MEJORAMIENTO DE LAS VIAS RURALES DE LAS VEREDAS PEÑAS DE CAJON SECTOR LA CABECERA, VEREDA PALACIO SECTOR EL TENDIDO, VEREDA CHIPAQUIN SECTOR CHIPAQUIN, VEREDA OJO DE AGUA SECTOR LA ESCUELA, VEREDA NOVOA SECTOR LA Y, VEREDA SANTA BARBARA SECTOR LA QUINTA, VEREDA PALACIO SECTOR ENTREPIEDRA Y VEREDA PEDREGAL SECTOR TRES ESQUINAS DEL MUNICIPIO DE SUTATAUSA CUNDINAMARCA
B102: (4) Item No. | C102: (5) Unidad | D102: (6) Descripción | H102: (7) Zona | I102: SECTOR | L102: (9) Fecha
B103: 2.13 | C103: M3 | D103: EXCAVACIONES VARIAS EN MATERIAL COMÚN SECO A MANO (INCLUYE RETIRO DE SOBRANTES A UNA DISTANCIA MENOR DE 5 KM) | H103: CUNDINAMARCA | I103: 1 | L103: 45799
B104: (10) Area para Dibujo | H104: (11) Localización | I104: Dimensiones | M104: (15)Medida Total
I105: (14) Longitud | J105: Ancho | K105: Espesor | L105: (14) Cantidad
H106: VEREDA PEÑAS DE CAJON SECTOR LA CABECERA | M106: =SUM(M107:M109) -> 21.7335
H107: VIGAS | I107: 3.7 | J107: 0.15 | K107: 0.1 | L107: 77 | M107: =I107*J107*K107*L107 -> 4.2735
H108: CUNETAS | I108: 234 | J108: 0.65 | K108: 0.05 | L108: 2 | M108: =I108*J108*K108*L108 -> 15.21
H109: RAMPAS | I109: 1.5 | J109: 5 | K109: 0.15 | L109: 2 | M109: =I109*J109*K109*L109 -> 2.25
H110: VEREDA PALACIO SECTOR EL TENDIDO | M110: =SUM(M111:M113) -> 26.0475
H111: VIGAS | I111: 3.7 | J111: 0.15 | K111: 0.1 | L111: 95 | M111: =I111*J111*K111*L111 -> 5.2725
H112: CUNETAS | I112: 285 | J112: 0.65 | K112: 0.05 | L112: 2 | M112: =I112*J112*K112*L112 -> 18.525
H113: RAMPAS | I113: 1.5 | J113: 5 | K113: 0.15 | L113: 2 | M113: =I113*J113*K113*L113 -> 2.25
H114: VEREDA CHIPAQUIN SECTOR CHIPAQUIN | M114: =SUM(M115:M117) -> 22.5585
H115: VIGAS | I115: 2.7 | J115: 0.15 | K115: 0.1 | L115: 77 | M115: =I115*J115*K115*L115 -> 3.1185
H116: CUNETAS | I116: 234 | J116: 0.75 | K116: 0.05 | L116: 2 | M116: =I116*J116*K116*L116 -> 17.55
H117: RAMPAS | I117: 1.5 | J117: 4.2 | K117: 0.15 | L117: 2 | M117: =I117*J117*K117*L117 -> 1.89
H118: VEREDA OJO DE AGUA SECTOR LA ESCUELA | M118: =SUM(M119:M121) -> 19.413
H119: VIGAS | I119: 2.7 | J119: 0.15 | K119: 0.1 | L119: 66 | M119: =I119*J119*K119*L119 -> 2.673
H120: CUNETAS | I120: 198 | J120: 0.75 | K120: 0.05 | L120: 2 | M120: =I120*J120*K120*L120 -> 14.85
H121: RAMPAS | I121: 1.5 | J121: 4.2 | K121: 0.15 | L121: 2 | M121: =I121*J121*K121*L121 -> 1.89
H122: VEREDA NOVOA SECTOR LA Y | M122: =SUM(M123:M125) -> 21.537
H123: VIGAS | I123: 2.7 | J123: 0.15 | K123: 0.1 | L123: 74 | M123: =I123*J123*K123*L123 -> 2.997
H124: CUNETAS | I124: 222 | J124: 0.75 | K124: 0.05 | L124: 2 | M124: =I124*J124*K124*L124 -> 16.65
...

Sheet PPTO VEREDA CHIRCAL TRAMO 2
F1: DIRECCIONAMIENTO ESTRATÉGICO Y ARTICULACIÓN GERENCIAL
F4: PRESUPUESTO PARA PROYECTOS DE INVERSIÓN
I7: FECHA ELABORACIÓN PRESUPUESTO: 22/05/2025
A8: ENTIDAD | F8: ALCALDIA MUNICIPAL DE SUTATAUSA
A9: NOMBRE DEL PROYECTO | F9: OBJETO: MEJORAMIENTO DE LAS VIAS RURALES DE LAS VEREDAS PEÑAS DE CAJON SECTOR LA CABECERA, VEREDA PALACIO SECTOR EL TENDIDO, VEREDA CHIPAQUIN SECTOR CHIPAQUIN, VEREDA OJO DE AGUA SECTOR LA ESCUELA, VEREDA NOVOA SECTOR LA Y, VEREDA SANTA BARBARA SECTOR LA QUINTA, VEREDA PALACIO SECTOR ENTREPIEDRA Y VEREDA PEDREGAL SECTOR TRES ESQUINAS DEL MUNICIPIO DE SUTATAUSA CUNDINAMARCA
A11: LÍNEA ESTRATÉGICA | B11: PROGRAMA | C11: SUBPROGRAMA | D11: META DE PRODUCTO | E11: OBJETIVO ESPECIFICO | F11: PRODUCTO | G11: Especificacion O Norma Tecnica | H11: Item de Pago | I11: ACTIVIDAD | J11: INSUMO | K11: AÑO 2025
K12: UNIDAD DE MEDIDA | L12: CANTIDAD | M12: V/R UNITARIO ($) | N12: V/R TOTAL ($)
A13: 2. + COMPETITIVIDAD | B13: Rutas para el progreso | C13: Vías motor del desarrollo | D13: Construir un millón de m2 de placa huella. | E13: Deterioro de la superficie de rodadura. | F13: Placa huella construida | I13: PRELIMINARES, EXCAVACIONES, RELLENOS
G14: ICCU | H14: 1 | I14: CONFORMACIÓN DE LA CALZADA EXISTENTE | J14: Maquinaria y equipo | K14: M2 | L14: ='MEMORIAS PROYECTO'!M31 -> 491.4 | M14: 1159 | N14: =+ROUND(M14*L14,2) -> 569532.6 | O14: =N14*1.35 -> 768869.01
G15: ICCU | H15: 2 | I15: SUB BASE GRANULAR | J15: Materiales | K15: M3 | L15: ='MEMORIAS PROYECTO'!M74 -> 77.49 | M15: 145792 | N15: =+ROUND(M15*L15,2) -> 11297422 | O15: =N15*1.35 -> 15251520
G16: ICCU | H16: 3 | I16: EXCAVACIONES VARIAS EN MATERIAL COMÚN SECO A MANO (INCLUYE RETIRO DE SOBRANTES A UNA DISTANCIA MENOR DE 5 KM) | J16: Mano de obra no calificada | K16: M3 | L16: ='MEMORIAS PROYECTO'!M134 -> 12.7755 | M16: 65346 | N16: =+ROUND(M16*L16,2) -> 834827.82 | O16: =N16*1.35 -> 1127017.6
I17: SUBTOTAL | N17: =SUBTOTAL(9,N14:N16) -> 12701782
I18: CONCRETOS
G19: ICCU | H19: 4 | I19: CONCRETOS CLASE D, f´c =3000 psi (placas) | J19: Materiales | K19: M3 | L19: ='MEMORIAS PROYECTO'!M199 -> 37.59075 | M19: 981966 | N19: =+M19*L19 -> 36912838
G20: ICCU | H20: 5 | I20: CONCRETO CICLÓPEO CLASE G, 2000 PSI 40% RAJÓN PARA BASES | J20: Materiales | K20: M3 | L20: ='MEMORIAS PROYECTO'!M254 -> 15.77475 | M20: 504410 | N20: =+M20*L20 -> 7956941.6
G21: ICCU | H21: 6 | I21: CONCRETO CLASE E, 2500 PSI PARA BASES | J21: Materiales | K21: M3 | L21: ='MEMORIAS PROYECTO'!M309 -> 31.365 | M21: 673538 | N21: =+M21*L21 -> 21125519 | R21: SST
G22: ICCU | H22: 7 | I22: SUMINISTRO FIGURADO Y ARMADO DE ACERO DE REFUERZO 60000 PSI | J22: Materiales | K22: KG | L22: ='MEMORIAS PROYECTO'!M411 -> 4002.8025 | M22: 8165 | N22: =+M22*L22 -> 32682883 | O22: =N22*1.35 -> 44121891
I23: SUBTOTAL | N23: =SUBTOTAL(9,N19:N22) -> 98678182
A26: VALOR COSTO DIRECTO | N26: =ROUND((SUBTOTAL(9,N14:N23)),0) -> 111379965
A27: AIU | M27: 0.355 | N27: =ROUND(N26*M27,0) -> 39539888
A28: VALOR TOTAL OBRA CIVIL | N28: =SUM(N26:N27) -> 150919853 | O28: =N28-#REF! -> #REF!
A30: PRESUPUESTO ELABORADO POR:
H38: ING. NESTOR MARQUEZ CARRILLO
H39: Secretario de Planeación e infraestructura
H40: INGENIERO CIVIL

Sheet PPTO VEREDA CHIRCAL TRAMO 1
F1: DIRECCIONAMIENTO ESTRATÉGICO Y ARTICULACIÓN GERENCIAL
F4: PRESUPUESTO PARA PROYECTOS DE INVERSIÓN
I7: FECHA ELABORACIÓN PRESUPUESTO: 22/05/2025
A8: ENTIDAD | F8: ALCALDIA MUNICIPAL DE SUTATAUSA
A9: NOMBRE DEL PROYECTO | F9: OBJETO: MEJORAMIENTO DE LAS VIAS RURALES DE LAS VEREDAS PEÑAS DE CAJON SECTOR LA CABECERA, VEREDA PALACIO SECTOR EL TENDIDO, VEREDA CHIPAQUIN SECTOR CHIPAQUIN, VEREDA OJO DE AGUA SECTOR LA ESCUELA, VEREDA NOVOA SECTOR LA Y, VEREDA SANTA BARBARA SECTOR LA QUINTA, VEREDA PALACIO SECTOR ENTREPIEDRA Y VEREDA PEDREGAL SECTOR TRES ESQUINAS DEL MUNICIPIO DE SUTATAUSA CUNDINAMARCA
A11: LÍNEA ESTRATÉGICA | B11: PROGRAMA | C11: SUBPROGRAMA | D11: META DE PRODUCTO | E11: OBJETIVO ESPECIFICO | F11: PRODUCTO | G11: Especificacion O Norma Tecnica | H11: Item de Pago | I11: ACTIVIDAD | J11: INSUMO | K11: AÑO 2025
K12: UNIDAD DE MEDIDA | L12: CANTIDAD | M12: V/R UNITARIO ($) | N12: V/R TOTAL ($)
A13: 2. + COMPETITIVIDAD | B13: Rutas para el progreso | C13: Vías motor del desarrollo | D13: Construir un millón de m2 de placa huella. | E13: Deterioro de la superficie de rodadura. | F13: Placa huella construida | I13: PRELIMINARES, EXCAVACIONES, RELLENOS
G14: ICCU | H14: 1 | I14: CONFORMACIÓN DE LA CALZADA EXISTENTE | J14: Maquinaria y equipo | K14: M2 | L14: ='MEMORIAS PROYECTO'!M29 -> 705.6 | M14: 1159 | N14: =+ROUND(M14*L14,2) -> 817790.4 | O14: =N14*1.35 -> 1104017
G15: ICCU | H15: 2 | I15: SUB BASE GRANULAR | J15: Materiales | K15: M3 | L15: ='MEMORIAS PROYECTO'!M72 -> 105.84 | M15: 145792 | N15: =+ROUND(M15*L15,2) -> 15430625 | O15: =N15*1.35 -> 20831344
G16: ICCU | H16: 3 | I16: EXCAVACIONES VARIAS EN MATERIAL COMÚN SECO A MANO (INCLUYE RETIRO DE SOBRANTES A UNA DISTANCIA MENOR DE 5 KM) | J16: Mano de obra no calificada | K16: M3 | L16: ='MEMORIAS PROYECTO'!M130 -> 16.758 | M16: 65346 | N16: =+ROUND(M16*L16,2) -> 1095068.3 | O16: =N16*1.35 -> 1478342.2
I17: SUBTOTAL | N17: =SUBTOTAL(9,N14:N16) -> 17343484
I18: CONCRETOS
G19: ICCU | H19: 4 | I19: CONCRETOS CLASE D, f´c =3000 psi (placas) | J19: Materiales | K19: M3 | L19: ='MEMORIAS PROYECTO'!M195 -> 50.652 | M19: 981966 | N19: =+M19*L19 -> 49738542
G20: ICCU | H20: 5 | I20: CONCRETO CICLÓPEO CLASE G, 2000 PSI 40% RAJÓN PARA BASES | J20: Materiales | K20: M3 | L20: ='MEMORIAS PROYECTO'!M252 -> 21.546 | M20: 504410 | N20: =+M20*L20 -> 10868018
G21: ICCU | H21: 6 | I21: CONCRETO CLASE E, 2500 PSI PARA BASES | J21: Materiales | K21: M3 | L21: ='MEMORIAS PROYECTO'!M306 -> 42.84 | M21: 673538 | N21: =+M21*L21 -> 28854368 | R21: SST
G22: ICCU | H22: 7 | I22: SUMINISTRO FIGURADO Y ARMADO DE ACERO DE REFUERZO 60000 PSI | J22: Materiales | K22: KG | L22: ='MEMORIAS PROYECTO'!M401 -> 5417.2983 | M22: 8165 | N22: =+M22*L22 -> 44232241 | O22: =N22*1.35 -> 59713525
I23: SUBTOTAL | N23: =SUBTOTAL(9,N19:N22) -> 1.3369317e+08
A26: VALOR COSTO DIRECTO | N26: =ROUND((SUBTOTAL(9,N14:N23)),0) -> 151036652
A27: AIU | M27: 0.355 | N27: =ROUND(N26*M27,0) -> 53618011
A28: VALOR TOTAL OBRA CIVIL | N28: =SUM(N26:N27) -> 204654663 | O28: =N28-#REF! -> #REF!
A30: PRESUPUESTO ELABORADO POR:
H38: ING. NESTOR MARQUEZ CARRILLO
H39: Secretario de Planeación e infraestructura
H40: INGENIERO CIVIL

Sheet PPTO VEREDA  SANTA BARBARA 
F1: DIRECCIONAMIENTO ESTRATÉGICO Y ARTICULACIÓN GERENCIAL
F4: PRESUPUESTO PARA PROYECTOS DE INVERSIÓN
I7: FECHA ELABORACIÓN PRESUPUESTO: 22/05/2025
A8: ENTIDAD | F8: ALCALDIA MUNICIPAL DE SUTATAUSA
A9: NOMBRE DEL PROYECTO | F9: OBJETO: MEJORAMIENTO DE LAS VIAS RURALES DE LAS VEREDAS PEÑAS DE CAJON SECTOR LA CABECERA, VEREDA PALACIO SECTOR EL TENDIDO, VEREDA CHIPAQUIN SECTOR CHIPAQUIN, VEREDA OJO DE AGUA SECTOR LA ESCUELA, VEREDA NOVOA SECTOR LA Y, VEREDA SANTA BARBARA SECTOR LA QUINTA, VEREDA PALACIO SECTOR ENTREPIEDRA Y VEREDA PEDREGAL SECTOR TRES ESQUINAS DEL MUNICIPIO DE SUTATAUSA CUNDINAMARCA
A11: LÍNEA ESTRATÉGICA | B11: PROGRAMA | C11: SUBPROGRAMA | D11: META DE PRODUCTO | E11: OBJETIVO ESPECIFICO | F11: PRODUCTO | G11: Especificacion O Norma Tecnica | H11: Item de Pago | I11: ACTIVIDAD | J11: INSUMO | K11: AÑO 2025
K12: UNIDAD DE MEDIDA | L12: CANTIDAD | M12: V/R UNITARIO ($) | N12: V/R TOTAL ($)
A13: 2. + COMPETITIVIDAD | B13: Rutas para el progreso | C13: Vías motor del desarrollo | D13: Construir un millón de m2 de placa huella. | E13: Deterioro de la superficie de rodadura. | F13: Placa huella construida | I13: PRELIMINARES, EXCAVACIONES, RELLENOS
G14: ICCU | H14: 1 | I14: CONFORMACIÓN DE LA CALZADA EXISTENTE | J14: Maquinaria y equipo | K14: M2 | L14: ='MEMORIAS PROYECTO'!M27 -> 743.4 | M14: 1159 | N14: =+ROUND(M14*L14,2) -> 861600.6 | O14: =N14*1.35 -> 1163160.8
G15: ICCU | H15: 2 | I15: SUB BASE GRANULAR | J15: Materiales | K15: M3 | L15: ='MEMORIAS PROYECTO'!M70 -> 111.51 | M15: 145792 | N15: =+ROUND(M15*L15,2) -> 16257266 | O15: =N15*1.35 -> 21947309
G16: ICCU | H16: 3 | I16: EXCAVACIONES VARIAS EN MATERIAL COMÚN SECO A MANO (INCLUYE RETIRO DE SOBRANTES A UNA DISTANCIA MENOR DE 5 KM) | J16: Mano de obra no calificada | K16: M3 | L16: ='MEMORIAS PROYECTO'!M126 -> 17.5545 | M16: 65346 | N16: =+ROUND(M16*L16,2) -> 1147116.4 | O16: =N16*1.35 -> 1548607.1
I17: SUBTOTAL | N17: =SUBTOTAL(9,N14:N16) -> 18265983
I18: CONCRETOS
G19: ICCU | H19: 4 | I19: CONCRETOS CLASE D, f´c =3000 psi (placas) | J19: Materiales | K19: M3 | L19: ='MEMORIAS PROYECTO'!M191 -> 53.26425 | M19: 981966 | N19: =+M19*L19 -> 52303683
G20: ICCU | H20: 5 | I20: CONCRETO CICLÓPEO CLASE G, 2000 PSI 40% RAJÓN PARA BASES | J20: Materiales | K20: M3 | L20: ='MEMORIAS PROYECTO'!M250 -> 22.70025 | M20: 504410 | N20: =+M20*L20 -> 11450233
G21: ICCU | H21: 6 | I21: CONCRETO CLASE E, 2500 PSI PARA BASES | J21: Materiales | K21: M3 | L21: ='MEMORIAS PROYECTO'!M303 -> 45.135 | M21: 673538 | N21: =+M21*L21 -> 30400138 | R21: SST
G22: ICCU | H22: 7 | I22: SUMINISTRO FIGURADO Y ARMADO DE ACERO DE REFUERZO 60000 PSI | J22: Materiales | K22: KG | L22: ='MEMORIAS PROYECTO'!M391 -> 5700.1975 | M22: 8165 | N22: =+M22*L22 -> 46542112 | O22: =N22*1.35 -> 62831852
I23: SUBTOTAL | N23: =SUBTOTAL(9,N19:N22) -> 1.4069617e+08
A26: VALOR COSTO DIRECTO | N26: =ROUND((SUBTOTAL(9,N14:N23)),0) -> 158962149
A27: AIU | M27: 0.355 | N27: =ROUND(N26*M27,0) -> 56431563
A28: VALOR TOTAL OBRA CIVIL | N28: =SUM(N26:N27) -> 215393712 | O28: =N28-#REF! -> #REF!
A30: PRESUPUESTO ELABORADO POR:
H38: ING. NESTOR MARQUEZ CARRILLO
H39: Secretario de Planeación e infraestructura
H40: INGENIERO CIVIL

Sheet PPTO VEREDA NOVOA SECTOR Y
F1: DIRECCIONAMIENTO ESTRATÉGICO Y ARTICULACIÓN GERENCIAL
F4: PRESUPUESTO PARA PROYECTOS DE INVERSIÓN
I7: FECHA ELABORACIÓN PRESUPUESTO: 22/05/2025
A8: ENTIDAD | F8: ALCALDIA MUNICIPAL DE SUTATAUSA
A9: NOMBRE DEL PROYECTO | F9: OBJETO: MEJORAMIENTO DE LAS VIAS RURALES DE LAS VEREDAS PEÑAS DE CAJON SECTOR LA CABECERA, VEREDA PALACIO SECTOR EL TENDIDO, VEREDA CHIPAQUIN SECTOR CHIPAQUIN, VEREDA OJO DE AGUA SECTOR LA ESCUELA, VEREDA NOVOA SECTOR LA Y, VEREDA SANTA BARBARA SECTOR LA QUINTA, VEREDA PALACIO SECTOR ENTREPIEDRA Y VEREDA PEDREGAL SECTOR TRES ESQUINAS DEL MUNICIPIO DE SUTATAUSA CUNDINAMARCA
A11: LÍNEA ESTRATÉGICA | B11: PROGRAMA | C11: SUBPROGRAMA | D11: META DE PRODUCTO | E11: OBJETIVO ESPECIFICO | F11: PRODUCTO | G11: Especificacion O Norma Tecnica | H11: Item de Pago | I11: ACTIVIDAD | J11: INSUMO | K11: AÑO 2025
K12: UNIDAD DE MEDIDA | L12: CANTIDAD | M12: V/R UNITARIO ($) | N12: V/R TOTAL ($)
A13: 2. + COMPETITIVIDAD | B13: Rutas para el progreso | C13: Vías motor del desarrollo | D13: Construir un millón de m2 de placa huella. | E13: Deterioro de la superficie de rodadura. | F13: Placa huella construida | I13: PRELIMINARES, EXCAVACIONES, RELLENOS
G14: ICCU | H14: 1 | I14: CONFORMACIÓN DE LA CALZADA EXISTENTE | J14: Maquinaria y equipo | K14: M2 | L14: ='MEMORIAS PROYECTO'!M25 -> 945 | M14: 1159 | N14: =+ROUND(M14*L14,2) -> 1095255 | O14: =N14*1.35 -> 1478594.2
G15: ICCU | H15: 2 | I15: SUB BASE GRANULAR | J15: Materiales | K15: M3 | L15: ='MEMORIAS PROYECTO'!M68 -> 141.75 | M15: 145792 | N15: =+ROUND(M15*L15,2) -> 20666016 | O15: =N15*1.35 -> 27899122
G16: ICCU | H16: 3 | I16: EXCAVACIONES VARIAS EN MATERIAL COMÚN SECO A MANO (INCLUYE RETIRO DE SOBRANTES A UNA DISTANCIA MENOR DE 5 KM) | J16: Mano de obra no calificada | K16: M3 | L16: ='MEMORIAS PROYECTO'!M122 -> 21.537 | M16: 65346 | N16: =+ROUND(M16*L16,2) -> 1407356.8 | O16: =N16*1.35 -> 1899931.7
I17: SUBTOTAL | N17: =SUBTOTAL(9,N14:N16) -> 23168628
I18: CONCRETOS
G19: ICCU | H19: 4 | I19: CONCRETOS CLASE D, f´c =3000 psi (placas) | J19: Materiales | K19: M3 | L19: ='MEMORIAS PROYECTO'!M187 -> 66.3255 | M19: 981966 | N19: =+M19*L19 -> 65129386
G20: ICCU | H20: 5 | I20: CONCRETO CICLÓPEO CLASE G, 2000 PSI 40% RAJÓN PARA BASES | J20: Materiales | K20: M3 | L20: ='MEMORIAS PROYECTO'!M248 -> 28.4715 | M20: 504410 | N20: =+M20*L20 -> 14361309
G21: ICCU | H21: 6 | I21: CONCRETO CLASE E, 2500 PSI PARA BASES | J21: Materiales | K21: M3 | L21: ='MEMORIAS PROYECTO'!M300 -> 56.61 | M21: 673538 | N21: =+M21*L21 -> 38128986 | R21: SST
G22: ICCU | H22: 7 | I22: SUMINISTRO FIGURADO Y ARMADO DE ACERO DE REFUERZO 60000 PSI | J22: Materiales | K22: KG | L22: ='MEMORIAS PROYECTO'!M382 -> 7114.6933 | M22: 8165 | N22: =+M22*L22 -> 58091471 | O22: =N22*1.35 -> 78423485
I23: SUBTOTAL | N23: =SUBTOTAL(9,N19:N22) -> 1.7571115e+08
A26: VALOR COSTO DIRECTO | N26: =ROUND((SUBTOTAL(9,N14:N23)),0) -> 198879780
A27: AIU | M27: 0.355 | N27: =ROUND(N26*M27,0) -> 70602322
A28: VALOR TOTAL OBRA CIVIL | N28: =SUM(N26:N27) -> 269482102 | O28: =N28-#REF! -> #REF!
A30: PRESUPUESTO ELABORADO POR:
H38: ING. NESTOR MARQUEZ CARRILLO
H39: Secretario de Planeación e infraestructura
H40: INGENIERO CIVIL

Sheet PPTO OJO DE AGUA SECTOR ESCUELA
F1: DIRECCIONAMIENTO ESTRATÉGICO Y ARTICULACIÓN GERENCIAL
F4: PRESUPUESTO PARA PROYECTOS DE INVERSIÓN
I7: FECHA ELABORACIÓN PRESUPUESTO: 22/05/2025
A8: ENTIDAD | F8: ALCALDIA MUNICIPAL DE SUTATAUSA
A9: NOMBRE DEL PROYECTO | F9: OBJETO: MEJORAMIENTO DE LAS VIAS RURALES DE LAS VEREDAS PEÑAS DE CAJON SECTOR LA CABECERA, VEREDA PALACIO SECTOR EL TENDIDO, VEREDA CHIPAQUIN SECTOR CHIPAQUIN, VEREDA OJO DE AGUA SECTOR LA ESCUELA, VEREDA NOVOA SECTOR LA Y, VEREDA SANTA BARBARA SECTOR LA QUINTA, VEREDA PALACIO SECTOR ENTREPIEDRA Y VEREDA PEDREGAL SECTOR TRES ESQUINAS DEL MUNICIPIO DE SUTATAUSA CUNDINAMARCA
A11: LÍNEA ESTRATÉGICA | B11: PROGRAMA | C11: SUBPROGRAMA | D11: META DE PRODUCTO | E11: OBJETIVO ESPECIFICO | F11: PRODUCTO | G11: Especificacion O Norma Tecnica | H11: Item de Pago | I11: ACTIVIDAD | J11: INSUMO | K11: AÑO 2025
K12: UNIDAD DE MEDIDA | L12: CANTIDAD | M12: V/R UNITARIO ($) | N12: V/R TOTAL ($)
A13: 2. + COMPETITIVIDAD | B13: Rutas para el progreso | C13: Vías motor del desarrollo | D13: Construir un millón de m2 de placa huella. | E13: Deterioro de la superficie de rodadura. | F13: Placa huella construida | I13: PRELIMINARES, EXCAVACIONES, RELLENOS
G14: ICCU | H14: 1 | I14: CONFORMACIÓN DE LA CALZADA EXISTENTE | J14: Maquinaria y equipo | K14: M2 | L14: ='MEMORIAS PROYECTO'!M23 -> 844.2 | M14: 1159 | N14: =+ROUND(M14*L14,2) -> 978427.8 | O14: =N14*1.35 -> 1320877.5
G15: ICCU | H15: 2 | I15: SUB BASE GRANULAR | J15: Materiales | K15: M3 | L15: ='MEMORIAS PROYECTO'!M66 -> 126.63 | M15: 145792 | N15: =+ROUND(M15*L15,2) -> 18461641 | O15: =N15*1.35 -> 24923215
G16: ICCU | H16: 3 | I16: EXCAVACIONES VARIAS EN MATERIAL COMÚN SECO A MANO (INCLUYE RETIRO DE SOBRANTES A UNA DISTANCIA MENOR DE 5 KM) | J16: Mano de obra no calificada | K16: M3 | L16: ='MEMORIAS PROYECTO'!M118 -> 19.413 | M16: 65346 | N16: =+ROUND(M16*L16,2) -> 1268561.9 | O16: =N16*1.35 -> 1712558.6
I17: SUBTOTAL | N17: =SUBTOTAL(9,N14:N16) -> 20708631
I18: CONCRETOS
G19: ICCU | H19: 4 | I19: CONCRETOS CLASE D, f´c =3000 psi (placas) | J19: Materiales | K19: M3 | L19: ='MEMORIAS PROYECTO'!M183 -> 59.3595 | M19: 981966 | N19: =+M19*L19 -> 58289011
G20: ICCU | H20: 5 | I20: CONCRETO CICLÓPEO CLASE G, 2000 PSI 40% RAJÓN PARA BASES | J20: Materiales | K20: M3 | L20: ='MEMORIAS PROYECTO'!M246 -> 25.3935 | M20: 504410 | N20: =+M20*L20 -> 12808735
G21: ICCU | H21: 6 | I21: CONCRETO CLASE E, 2500 PSI PARA BASES | J21: Materiales | K21: M3 | L21: ='MEMORIAS PROYECTO'!M297 -> 50.49 | M21: 673538 | N21: =+M21*L21 -> 34006934 | R21: SST
G22: ICCU | H22: 7 | I22: SUMINISTRO FIGURADO Y ARMADO DE ACERO DE REFUERZO 60000 PSI | J22: Materiales | K22: KG | L22: ='MEMORIAS PROYECTO'!M373 -> 6360.2955 | M22: 8165 | N22: =+M22*L22 -> 51931813 | O22: =N22*1.35 -> 70107947
I23: SUBTOTAL | N23: =SUBTOTAL(9,N19:N22) -> 1.5703649e+08
A26: VALOR COSTO DIRECTO | N26: =ROUND((SUBTOTAL(9,N14:N23)),0) -> 177745123
A27: AIU | M27: 0.355 | N27: =ROUND(N26*M27,0) -> 63099519
A28: VALOR TOTAL OBRA CIVIL | N28: =SUM(N26:N27) -> 240844642 | O28: =N28-#REF! -> #REF!
A30: PRESUPUESTO ELABORADO POR:
H38: ING. NESTOR MARQUEZ CARRILLO
H39: Secretario de Planeación e infraestructura
H40: INGENIERO CIVIL

Sheet PPTO CHIPAQUIN
F1: DIRECCIONAMIENTO ESTRATÉGICO Y ARTICULACIÓN GERENCIAL
F4: PRESUPUESTO PARA PROYECTOS DE INVERSIÓN
I7: FECHA ELABORACIÓN PRESUPUESTO: 22/05/2025
A8: ENTIDAD | F8: ALCALDIA MUNICIPAL DE SUTATAUSA
A9: NOMBRE DEL PROYECTO | F9: OBJETO: MEJORAMIENTO DE LAS VIAS RURALES DE LAS VEREDAS PEÑAS DE CAJON SECTOR LA CABECERA, VEREDA PALACIO SECTOR EL TENDIDO, VEREDA CHIPAQUIN SECTOR CHIPAQUIN, VEREDA OJO DE AGUA SECTOR LA ESCUELA, VEREDA NOVOA SECTOR LA Y, VEREDA SANTA BARBARA SECTOR LA QUINTA, VEREDA PALACIO SECTOR ENTREPIEDRA Y VEREDA PEDREGAL SECTOR TRES ESQUINAS DEL MUNICIPIO DE SUTATAUSA CUNDINAMARCA
A11: LÍNEA ESTRATÉGICA | B11: PROGRAMA | C11: SUBPROGRAMA | D11: META DE PRODUCTO | E11: OBJETIVO ESPECIFICO | F11: PRODUCTO | G11: Especificacion O Norma Tecnica | H11: Item de Pago | I11: ACTIVIDAD | J11: INSUMO | K11: AÑO 2025
K12: UNIDAD DE MEDIDA | L12: CANTIDAD | M12: V/R UNITARIO ($) | N12: V/R TOTAL ($)
A13: 2. + COMPETITIVIDAD | B13: Rutas para el progreso | C13: Vías motor del desarrollo | D13: Construir un millón de m2 de placa huella. | E13: Deterioro de la superficie de rodadura. | F13: Placa huella construida | I13: PRELIMINARES, EXCAVACIONES, RELLENOS
G14: ICCU | H14: 1 | I14: CONFORMACIÓN DE LA CALZADA EXISTENTE | J14: Maquinaria y equipo | K14: M2 | L14: ='MEMORIAS PROYECTO'!M21 -> 982.8 | M14: 1159 | N14: =+ROUND(M14*L14,2) -> 1139065.2 | O14: =N14*1.35 -> 1537738
G15: ICCU | H15: 2 | I15: SUB BASE GRANULAR | J15: Materiales | K15: M3 | L15: ='MEMORIAS PROYECTO'!M64 -> 147.42 | M15: 145792 | N15: =+ROUND(M15*L15,2) -> 21492657 | O15: =N15*1.35 -> 29015086
G16: ICCU | H16: 3 | I16: EXCAVACIONES VARIAS EN MATERIAL COMÚN SECO A MANO (INCLUYE RETIRO DE SOBRANTES A UNA DISTANCIA MENOR DE 5 KM) | J16: Mano de obra no calificada | K16: M3 | L16: ='MEMORIAS PROYECTO'!M114 -> 22.5585 | M16: 65346 | N16: =+ROUND(M16*L16,2) -> 1474107.7 | O16: =N16*1.35 -> 1990045.4
I17: SUBTOTAL | N17: =SUBTOTAL(9,N14:N16) -> 24105830
I18: CONCRETOS
G19: ICCU | H19: 4 | I19: CONCRETOS CLASE D, f´c =3000 psi (placas) | J19: Materiales | K19: M3 | L19: ='MEMORIAS PROYECTO'!M179 -> 68.93775 | M19: 981966 | N19: =+M19*L19 -> 67694527
G20: ICCU | H20: 5 | I20: CONCRETO CICLÓPEO CLASE G, 2000 PSI 40% RAJÓN PARA BASES | J20: Materiales | K20: M3 | L20: ='MEMORIAS PROYECTO'!M244 -> 29.62575 | M20: 504410 | N20: =+M20*L20 -> 14943525
G21: ICCU | H21: 6 | I21: CONCRETO CLASE E, 2500 PSI PARA BASES | J21: Materiales | K21: M3 | L21: ='MEMORIAS PROYECTO'!M294 -> 58.905 | M21: 673538 | N21: =+M21*L21 -> 39674756 | R21: SST
G22: ICCU | H22: 7 | I22: SUMINISTRO FIGURADO Y ARMADO DE ACERO DE REFUERZO 60000 PSI | J22: Materiales | K22: KG | L22: ='MEMORIAS PROYECTO'!M364 -> 7397.5924 | M22: 8165 | N22: =+M22*L22 -> 60401342 | O22: =N22*1.35 -> 81541812
I23: SUBTOTAL | N23: =SUBTOTAL(9,N19:N22) -> 1.8271415e+08
A26: VALOR COSTO DIRECTO | N26: =ROUND((SUBTOTAL(9,N14:N23)),0) -> 206819979
A27: AIU | M27: 0.355 | N27: =ROUND(N26*M27,0) -> 73421093
A28: VALOR TOTAL OBRA CIVIL | N28: =SUM(N26:N27) -> 280241072 | O28: =N28-#REF! -> #REF!
A30: PRESUPUESTO ELABORADO POR:
H38: ING. NESTOR MARQUEZ CARRILLO
H39: Secretario de Planeación e infraestructura
H40: INGENIERO CIVIL

Sheet PPTO PALACIO SECTOR TENDIDO
F1: DIRECCIONAMIENTO ESTRATÉGICO Y ARTICULACIÓN GERENCIAL
F4: PRESUPUESTO PARA PROYECTOS DE INVERSIÓN
I7: FECHA ELABORACIÓN PRESUPUESTO: 22/05/2025
A8: ENTIDAD | F8: ALCALDIA MUNICIPAL DE SUTATAUSA
A9: NOMBRE DEL PROYECTO | F9: OBJETO: MEJORAMIENTO DE LAS VIAS RURALES DE LAS VEREDAS PEÑAS DE CAJON SECTOR LA CABECERA, VEREDA PALACIO SECTOR EL TENDIDO, VEREDA CHIPAQUIN SECTOR CHIPAQUIN, VEREDA OJO DE AGUA SECTOR LA ESCUELA, VEREDA NOVOA SECTOR LA Y, VEREDA SANTA BARBARA SECTOR LA QUINTA, VEREDA PALACIO SECTOR ENTREPIEDRA Y VEREDA PEDREGAL SECTOR TRES ESQUINAS DEL MUNICIPIO DE SUTATAUSA CUNDINAMARCA
A11: LÍNEA ESTRATÉGICA | B11: PROGRAMA | C11: SUBPROGRAMA | D11: META DE PRODUCTO | E11: OBJETIVO ESPECIFICO | F11: PRODUCTO | G11: Especificacion O Norma Tecnica | H11: Item de Pago | I11: ACTIVIDAD | J11: INSUMO | K11: AÑO 2025
K12: UNIDAD DE MEDIDA | L12: CANTIDAD | M12: V/R UNITARIO ($) | N12: V/R TOTAL ($)
A13: 2. + COMPETITIVIDAD | B13: Rutas para el progreso | C13: Vías motor del desarrollo | D13: Construir un millón de m2 de placa huella. | E13: Deterioro de la superficie de rodadura. | F13: Placa huella construida | I13: PRELIMINARES, EXCAVACIONES, RELLENOS
G14: ICCU | H14: 1 | I14: CONFORMACIÓN DE LA CALZADA EXISTENTE | J14: Maquinaria y equipo | K14: M2 | L14: ='MEMORIAS PROYECTO'!M19 -> 1425 | M14: 1159 | N14: =+ROUND(M14*L14,2) -> 1651575 | O14: =N14*1.35 -> 2229626.2
G15: ICCU | H15: 2 | I15: SUB BASE GRANULAR | J15: Materiales | K15: M3 | L15: ='MEMORIAS PROYECTO'!M62 -> 213.75 | M15: 145792 | N15: =+ROUND(M15*L15,2) -> 31163040 | O15: =N15*1.35 -> 42070104
G16: ICCU | H16: 3 | I16: EXCAVACIONES VARIAS EN MATERIAL COMÚN SECO A MANO (INCLUYE RETIRO DE SOBRANTES A UNA DISTANCIA MENOR DE 5 KM) | J16: Mano de obra no calificada | K16: M3 | L16: ='MEMORIAS PROYECTO'!M110 -> 26.0475 | M16: 65346 | N16: =+ROUND(M16*L16,2) -> 1702099.9 | O16: =N16*1.35 -> 2297834.9
I17: SUBTOTAL | N17: =SUBTOTAL(9,N14:N16) -> 34516715
I18: CONCRETOS
G19: ICCU | H19: 4 | I19: CONCRETOS CLASE D, f´c =3000 psi (placas) | J19: Materiales | K19: M3 | L19: ='MEMORIAS PROYECTO'!M175 -> 88.53375 | M19: 981966 | N19: =+M19*L19 -> 86937132
G20: ICCU | H20: 5 | I20: CONCRETO CICLÓPEO CLASE G, 2000 PSI 40% RAJÓN PARA BASES | J20: Materiales | K20: M3 | L20: ='MEMORIAS PROYECTO'!M241 -> 77.16375 | M20: 504410 | N20: =+M20*L20 -> 38922167
G21: ICCU | H21: 6 | I21: CONCRETO CLASE E, 2500 PSI PARA BASES | J21: Materiales | K21: M3 | L21: ='MEMORIAS PROYECTO'!M291 -> 64.125 | M21: 673538 | N21: =+M21*L21 -> 43190624 | R21: SST
G22: ICCU | H22: 7 | I22: SUMINISTRO FIGURADO Y ARMADO DE ACERO DE REFUERZO 60000 PSI | J22: Materiales | K22: KG | L22: ='MEMORIAS PROYECTO'!M355 -> 9306.07 | M22: 8165 | N22: =+M22*L22 -> 75984062 | O22: =N22*1.35 -> 1.0257848e+08
I23: SUBTOTAL | N23: =SUBTOTAL(9,N19:N22) -> 2.4503399e+08
A26: VALOR COSTO DIRECTO | N26: =ROUND((SUBTOTAL(9,N14:N23)),0) -> 279550700
A27: AIU | M27: 0.355 | N27: =ROUND(N26*M27,0) -> 99240499
A28: VALOR TOTAL OBRA CIVIL | N28: =SUM(N26:N27) -> 378791199 | O28: =N28-#REF! -> #REF!
A30: PRESUPUESTO ELABORADO POR:
H38: ING. NESTOR MARQUEZ CARRILLO
H39: Secretario de Planeación e infraestructura
H40: INGENIERO CIVIL

Sheet PPTO PEÑAS DE CAJON
F1: DIRECCIONAMIENTO ESTRATÉGICO Y ARTICULACIÓN GERENCIAL
F4: PRESUPUESTO PARA PROYECTOS DE INVERSIÓN
I7: FECHA ELABORACIÓN PRESUPUESTO: 22/05/2025
A8: ENTIDAD | F8: ALCALDIA MUNICIPAL DE SUTATAUSA
A9: NOMBRE DEL PROYECTO | F9: OBJETO: MEJORAMIENTO DE LAS VIAS RURALES DE LAS VEREDAS PEÑAS DE CAJON SECTOR LA CABECERA, VEREDA PALACIO SECTOR EL TENDIDO, VEREDA CHIPAQUIN SECTOR CHIPAQUIN, VEREDA OJO DE AGUA SECTOR LA ESCUELA, VEREDA NOVOA SECTOR LA Y, VEREDA SANTA BARBARA SECTOR LA QUINTA, VEREDA PALACIO SECTOR ENTREPIEDRA Y VEREDA PEDREGAL SECTOR TRES ESQUINAS DEL MUNICIPIO DE SUTATAUSA CUNDINAMARCA
A11: LÍNEA ESTRATÉGICA | B11: PROGRAMA | C11: SUBPROGRAMA | D11: META DE PRODUCTO | E11: OBJETIVO ESPECIFICO | F11: PRODUCTO | G11: Especificacion O Norma Tecnica | H11: Item de Pago | I11: ACTIVIDAD | J11: INSUMO | K11: AÑO 2025
K12: UNIDAD DE MEDIDA | L12: CANTIDAD | M12: V/R UNITARIO ($) | N12: V/R TOTAL ($)
A13: 2. + COMPETITIVIDAD | B13: Rutas para el progreso | C13: Vías motor del desarrollo | D13: Construir un millón de m2 de placa huella. | E13: Deterioro de la superficie de rodadura. | F13: Placa huella construida | I13: PRELIMINARES, EXCAVACIONES, RELLENOS
G14: ICCU | H14: 1 | I14: CONFORMACIÓN DE LA CALZADA EXISTENTE | J14: Maquinaria y equipo | K14: M2 | L14: ='MEMORIAS PROYECTO'!M17 -> 1170 | M14: 1159 | N14: =+ROUND(M14*L14,2) -> 1356030 | O14: =N14*1.35 -> 1830640.5
G15: ICCU | H15: 2 | I15: SUB BASE GRANULAR | J15: Materiales | K15: M3 | L15: ='MEMORIAS PROYECTO'!M60 -> 175.5 | M15: 145792 | N15: =+ROUND(M15*L15,2) -> 25586496 | O15: =N15*1.35 -> 34541770
G16: ICCU | H16: 3 | I16: EXCAVACIONES VARIAS EN MATERIAL COMÚN SECO A MANO (INCLUYE RETIRO DE SOBRANTES A UNA DISTANCIA MENOR DE 5 KM) | J16: Mano de obra no calificada | K16: M3 | L16: ='MEMORIAS PROYECTO'!M106 -> 21.7335 | M16: 65346 | N16: =+ROUND(M16*L16,2) -> 1420197.3 | O16: =N16*1.35 -> 1917266.3
I17: SUBTOTAL | N17: =SUBTOTAL(9,N14:N16) -> 28362723
I18: CONCRETOS
G19: ICCU | H19: 4 | I19: CONCRETOS CLASE D, f´c =3000 psi (placas) | J19: Materiales | K19: M3 | L19: ='MEMORIAS PROYECTO'!M171 -> 72.474 | M19: 981966 | N19: =+M19*L19 -> 71167004
G20: ICCU | H20: 5 | I20: CONCRETO CICLÓPEO CLASE G, 2000 PSI 40% RAJÓN PARA BASES | J20: Materiales | K20: M3 | L20: ='MEMORIAS PROYECTO'!M238 -> 62.54325 | M20: 504410 | N20: =+M20*L20 -> 31547441
G21: ICCU | H21: 6 | I21: CONCRETO CLASE E, 2500 PSI PARA BASES | J21: Materiales | K21: M3 | L21: ='MEMORIAS PROYECTO'!M288 -> 51.975 | M21: 673538 | N21: =+M21*L21 -> 35007138 | R21: SST
G22: ICCU | H22: 7 | I22: SUMINISTRO FIGURADO Y ARMADO DE ACERO DE REFUERZO 60000 PSI | J22: Materiales | K22: KG | L22: ='MEMORIAS PROYECTO'!M346 -> 7485.1584 | M22: 8165 | N22: =+M22*L22 -> 61116318 | O22: =N22*1.35 -> 82507030
I23: SUBTOTAL | N23: =SUBTOTAL(9,N19:N22) -> 1.988379e+08
A26: VALOR COSTO DIRECTO | N26: =ROUND((SUBTOTAL(9,N14:N23)),0) -> 227200624
A27: AIU | M27: 0.355 | N27: =ROUND(N26*M27,0) -> 80656222
A28: VALOR TOTAL OBRA CIVIL | N28: =SUM(N26:N27) -> 307856846 | O28: =N28-#REF! -> #REF!
A30: PRESUPUESTO ELABORADO POR:
H38: ING. NESTOR MARQUEZ CARRILLO
H39: Secretario de Planeación e infraestructura
H40: INGENIERO CIVIL

Sheet PRESUPUESTO SST
A3: PRESUPUESTO DEL SISTEMA DE SEGURIDAD Y SALUD EN EL TRABAJO
A4: CATEGORIA | B4: ITEM | C4: ACTIVIDADES | D4: CANTIDAD/MES | E4: V/UNITARIO | F4: V/TOTAL MES | G4: CANTIDAD/MENSUAL | H4: V/UNITARIO | I4: V/TOTAL ANUAL | J4: OBSERVACIONES
A7: 1. DIVULGACIÓN -CONSCIENTIZACIÓN - MOTIVACIÓN (Polìticas, Procedimientos, Manuales, Instructivos, Guìas, Campañas de prevenciòn y promoción, campaña soy capaz, entre otros) | B7: 1 | C7: Carteleras informativas: Impresiones "Motivación-Información" | D7: 78 | E7: 500 | F7: =D7*E7 -> 39000 | G7: 8 | H7: 300 | I7: =D7*E7*G7 -> 312000 | J7: Impresiones hojas a color: 300
B8: 2 | C8: Plegables, volantes, folletos | D8: 144 | E8: 500 | F8: =D8*E8 -> 72000 | G8: 8 | H8: 300 | I8: =D8*E8*G8 -> 576000 | J8: Impresiones hojas a color: 300
B9: 3 | C9: Papeleria "Documentación SST- Formatos" | D9: 36 | E9: 100 | F9: =D9*E9 -> 3600 | G9: 8 | H9: 100 | I9: =D9*E9*G9 -> 28800 | J9: Impresiones hojas blanco y negro:100
A10: 2. INDUCCIÓN Y REINDUCCIÓN EN SST | B10: 1 | C10: Papeleria (impresiones)para actividades de formación , socializaciones y capacitaciones | D10: 144 | E10: 300 | F10: =D10*E10 -> 43200 | G10: 8 | H10: 300 | I10: =D10*E10*G10 -> 345600 | J10: Impresiones hojas a color: 300 Impresiones hojas blanco y negro:100
A11: 3. SEÑALIZACIÓN | C11: Bolsillo de laminación * 100 spirat | D11: 20 | E11: 2000 | F11: =D11*E11 -> 40000 | G11: 8 | H11: 2000 | I11: =D11*E11*G11 -> 320000 | J11: Papel para laminadora
A12: 4. EPSO L220 | C12: Tinta para impresora Epson l220 a color | D12: 4 | E12: 14000 | F12: =D12*E12 -> 56000 | G12: 8 | H12: 14000 | I12: =D12*E12*G12 -> 448000
A13: 4. CONVIVENCIA | B13: 1 | C13: Buzones de sugerencias | D13: ….. | E13: ….. | F13: ….. | G13: 8 | H13: 30000 | I13: =G13*H13 -> 240000
A14: 5.PLAN DE E3MERGENCIA | D14: 1 | E14: 15200 | F14: =D14*E14 -> 15200 | G14: 8 | H14: 15200 | I14: =D14*E14*G14 -> 121600
A15: SUBTOTAL | I15: =SUM(I7:I14) -> 2392000
A16: 5. RECURSOS | B16: 1 | C16: Reparaciones estructurales y cubiertas | D16: ….. | E16: ….. | F16: …… | G16: ….. | H16: ….. | I16: …..
A17: 6. SUBPROGRAMA DE MEDICINA PREVENTIVA Y DEL TRABAJO (evaluaciones medicas) | B17: 1 | C17: EXÁMENES MÉDICOS DE INGRESO, PERIODICO Y DE RETIRO POR CARGOS:
B18: * | C18: Gerente y departamento de calidad: examen m.o con énfasis osteomuscular y visiometría. | D18: ….. | E18: ….. | F18: ….. | G18: 2 | H18: 20,000 13,000 | I18: 66000 | J18: Realización Por el trabajo
B19: * | C19: Personal administrativo y coordinadores de campo: examen m.o con énfasis osteomuscular y visiometría. | D19: ….. | E19: ….. | F19: ….. | G19: 2 | H19: 20,000 13,000 | I19: 528000
B20: * | C20: Personal de servicios generales: examen m.o con énfasis osteomuscular, visiometría, | D20: ….. | E20: ….. | F20: ….. | G20: 1 | H20: 20,000 13,000 6,000 6,000 6,000 | I20: 204000
B21: * | C21: Conductores: examen m.o con énfasis osteomuscular, visiometría, audiometría, Glicemia, Perfil lipídico. | D21: ….. | E21: ….. | F21: ….. | G21: 1 | H21: 20,000 13,000 13,000 6,000 21,000 | I21: 584000
A22: SUBTOTAL: | I22: =SUM(I18:I21) -> 1382000
A23: 7. PROGRAMA DE ELEMENTOS DE PROTECCIÓN PERSONAL | B23: 1 | C23: DOTACIONES PERSONAL OPERATIVO - EPP:
B24: * | C24: Guantes de caucho | D24: 36 | E24: 4000 | F24: =D24*E24 -> 144000 | G24: 1 | H24: 4000 | I24: =D24*G24*H24 -> 144000
B25: * | C25: Gafas de seguridad lentes oscuros y claro | D25: 14 | E25: 4800 | F25: =D25*E25 -> 67200 | G25: 2 | H25: 4800 | I25: =D25*E25*G25 -> 134400
B26: * | C26: Impermeable 2 piezas y Tipo Carpa En Pvc Medidas De 1.90cm | D26: 14 | E26: 210000 | F26: =D26*E26 -> 2940000 | G26: 2 | H26: 190000 | I26: =D26*E26*G26 -> 5880000
A28: SUBTOTAL: | I28: =SUM(I24:I26) -> 6158400
A29: 9. PROGRAMA DE VIGILANCIA EPIDEMIOLOGICA PVE | B29: 1 | C29: vacunación | D29: 144 | E29: …… | F29: …… | G29: 144 | H29: ….. | I29: …… | J29: Anual
A31: SUBTOTAL: $ 0
A32: 10. PLANES DE EMERGENCIA | B32: 1 | C32: Extintor Multiproposito 20 lb | D32: 2 | E32: 80000 | F32: =D32*E32 -> 160000 | G32: 1 | H32: 80000 | I32: =D32*E32*G32 -> 160000
B33: 2 | C33: Recarga extintores | D33: 2 | E33: 30000 | F33: =D33*E33 -> 60000 | G33: 1 | H33: 30000 | I33: =D33*E33*G33 -> 60000
B34: 3 | C34: Señalización | D34: 20 | E34: 25000 | F34: =D34*E34 -> 500000 | G34: 1 | H34: 25000 | I34: =D34*E34*G34 -> 500000
B35: 4 | C35: BOTIQUIN , | D35: 1 | E35: 400000 | F35: =D35*E35 -> 400000 | G35: 1 | H35: 400000 | I35: =D35*E35*G35 -> 400000
B36: 5 | C36: CAMILLA DE PRIMEROS AUXILIOS | D36: 1 | E36: 550000 | F36: =D36*E36 -> 550000 | G36: 1 | H36: 550000 | I36: =D36*E36*G36 -> 550000
B37: 8 | C37: QUIT DE EMERGENCIA | D37: 2 | E37: 15000 | F37: =D37*E37 -> 30000 | G37: 1 | H37: 15000 | I37: =D37*E37*G37 -> 30000
A40: SUBTOTAL | I40: =SUM(I32:I37) -> 1700000
A41: 11. EQUIPO DE PRIMEROS AUXILIOS
B42: 1 | C42: ELEMENTOS PARA BOTIQUÍN:
B43: * | C43: Gasas esteriles | D43: …… | E43: …… | F43: …… | G43: 10 | H43: 36000 | I43: 360000 | J43: Caja*100
B44: * | C44: Rollo de micropore | D44: …… | E44: …… | F44: …… | G44: 10 | H44: 5000 | I44: 50000
B45: * | C45: Vendas elasticas 5x5 | D45: …… | E45: …… | F45: …… | G45: 10 | H45: 3800 | I45: 38000
B46: * | C46: Vendas fijas 5x5 | D46: …… | E46: …… | F46: …… | G46: 10 | H46: 4500 | I46: 45000
B47: * | C47: Paquete baja lengua | D47: …… | E47: …… | F47: …… | G47: 10 | H47: 1800 | I47: 18000
B48: * | C48: Caja de curas | D48: …… | E48: …… | F48: …… | G48: 10 | H48: 5500 | I48: 55000 | J48: Caja*100
B49: * | C49: Yodo povidona solucion | D49: …… | E49: …… | F49: …… | G49: 10 | H49: 6900 | I49: 69000
B50: * | C50: Yodo povidona espuma | D50: …… | E50: …… | F50: …… | G50: 10 | H50: 6900 | I50: 69000
B51: * | C51: Sulfaplata | D51: …… | E51: …… | F51: …… | G51: 10 | H51: 7500 | I51: 75000
B52: * | C52: Caja de guantes latex | D52: …… | E52: …… | F52: …… | G52: 10 | H52: 13500 | I52: 135000
B53: * | C53: Agua oxigenada | D53: …… | E53: …… | F53: …… | G53: 10 | H53: 15000 | I53: 150000
B54: * | C54: Tijeras | D54: …… | E54: …… | F54: …… | G54: 10 | H54: 1000 | I54: 10000
B55: * | C55: Suero fisiologico | D55: …… | E55: …… | F55: …… | G55: 10 | H55: 3200 | I55: 32000
B56: * | C56: Alcohol | D56: …… | E56: …… | F56: …… | G56: 10 | H56: 1500 | I56: 15000
B57: * | C57: Copitos | D57: …… | E57: …… | F57: …… | G57: 10 | H57: 1800 | I57: 18000
B58: * | C58: Paquete de algodón | D58: …… | E58: …… | F58: …… | G58: 10 | H58: 2500 | I58: 25000
B59: * | C59: Espadrapo | D59: …… | E59: …… | F59: …… | G59: 10 | H59: 6900 | I59: 69000
B60: * | C60: Botiquin para vehiculo | D60: …… | E60: …… | F60: …… | G60: 10 | H60: 25000 | I60: 250000
C61: Jeringas | D61: ….. | E61: ….. | F61: …… | G61: 100 | H61: 25000 | I61: 25000 | J61: solo venden caja por 100
C62: Linterna | D62: ….. | E62: ….. | F62: …… | G62: 10 | H62: 6000 | I62: 60000
A63: SUBTOTAL | I63: =SUM(I43:I62) -> 1568000
A64: 12. CAPACITACIONES
B65: 2 | D65: …... | E65: …... | F65: …... | G65: …... | H65: …... | I65: …...
B66: 3 | C66: Refrigerios, reuniones de los comites de COPASST, EMERGENCIAS | D66: …... | E66: …... | F66: …... | G66: 20 | H66: 6000 | I66: =G66*H66 -> 120000 | J66: COPASST SE REUNE UNA VEZ AL MES EMERGENCIAS CADA 3 MESES
B67: 4 | C67: Capacitacion para brigada de emergencias. | D67: …... | E67: …... | F67: ….. | G67: …… | H67: …... | I67: …... | J67: Anual Orientado por ARL SURA
B68: 5 | C68: Curso alturas + Examenes de altura | D68: …... | E68: …... | F68: …... | G68: 5 | H68: 140000 | I68: =G68*H68 -> 700000 | J68: Anual orientado por ARL
B69: 6 | C69: Viaticos para capacitaciones, brindadas por ARL en su plan de formación a empresas en los diferentes temas de SST | D69: …... | E69: …... | F69: …... | G69: 10 | H69: 20000 | I69: =G69*H69 -> 200000 | J69: Viaticos y alimentación ´para asistir cada comité de acuerdo a la formación brindada por ARL
C70: Actividades de Bienestar Estilo de Vida Saludable y orden y aseo | D70: …... | E70: …... | F70: …... | G70: 1 | H70: 200000 | I70: =G70*H70 -> 200000
A71: SUBTOTAL | I71: =SUM(I65:I70) -> 1220000
A72: 13. PROFESIONAL Y PASANTE SST | B72: 1 | C72: Pago Profesional | D72: …… | E72: ….. | F72: 2800000 | G72: 8 | H72: ….. | I72: =F72*G72 -> 22400000
I73: =SUM(I72:I72) -> 22400000
A75: TOTAL | F75: =+I73+I71+I63+I40+I28+I22+I15 -> 36820400
A78: __________________________________________________________________________
A83: ING. NESTOR MARQUEZ CARRILLO
A84: Secretario de Planeación e infraestructura
A85: INGENIERO CIVIL

Sheet PPTO
A8: ENTIDAD
A9: NOMBRE DEL PROYECTO | F9: OBJETO: MEJORAMIENTO DE LAS VIAS RURALES DE LAS VEREDAS PEÑAS DE CAJON SECTOR LA CABECERA, VEREDA PALACIO SECTOR EL TENDIDO, VEREDA CHIPAQUIN SECTOR CHIPAQUIN, VEREDA OJO DE AGUA SECTOR LA ESCUELA, VEREDA NOVOA SECTOR LA Y, VEREDA SANTA BARBARA SECTOR LA QUINTA, VEREDA PALACIO SECTOR ENTREPIEDRA Y VEREDA PEDREGAL SECTOR TRES ESQUINAS DEL MUNICIPIO DE SUTATAUSA CUNDINAMARCA
A11: LÍNEA ESTRATÉGICA | B11: PROGRAMA | C11: SUBPROGRAMA | D11: META DE PRODUCTO | E11: OBJETIVO ESPECIFICO | F11: PRODUCTO | G11: Especificacion O Norma Tecnica | H11: Item de Pago | I11: ACTIVIDAD | J11: INSUMO | K11: AÑO 2025
K12: UNIDAD DE MEDIDA | L12: CANTIDAD | M12: V/R UNITARIO ($) | N12: V/R TOTAL ($)
A13: 2. + COMPETITIVIDAD | B13: Rutas para el progreso | C13: Vías motor del desarrollo | D13: Construir un millón de m2 de placa huella. | E13: Deterioro de la superficie de rodadura. | F13: Placa huella construida | I13: PRELIMINARES, EXCAVACIONES, RELLENOS
G14: ICCU | H14: 1 | I14: CONFORMACIÓN DE LA CALZADA EXISTENTE | J14: Maquinaria y equipo | K14: M2 | L14: ='MEMORIAS PROYECTO'!M38 -> 9807.4 | M14: 1159 | N14: =+ROUND(M14*L14,2) -> 11366777 | O14: =N14*1.35 -> 15345148
G15: ICCU | H15: 2 | I15: SUB BASE GRANULAR | J15: Materiales | K15: M3 | L15: ='MEMORIAS PROYECTO'!M81 -> 1474.89 | M15: 145792 | N15: =+ROUND(M15*L15,2) -> 2.1502716e+08 | O15: =N15*1.35 -> 2.9028667e+08
G16: ICCU | H16: 3 | I16: EXCAVACIONES VARIAS EN MATERIAL COMÚN SECO A MANO (INCLUYE RETIRO DE SOBRANTES A UNA DISTANCIA MENOR DE 5 KM) | J16: Mano de obra no calificada | K16: M3 | L16: ='MEMORIAS PROYECTO'!M150 -> 203.9815 | M16: 65346 | N16: =+ROUND(M16*L16,2) -> 13329375 | O16: =N16*1.35 -> 17994656
I17: SUBTOTAL | N17: =SUBTOTAL(9,N14:N16) -> 2.3972331e+08
I18: CONCRETOS
G19: ICCU | H19: 4 | I19: CONCRETOS CLASE D, f´c =3000 psi (placas) | J19: Materiales | K19: M3 | L19: ='MEMORIAS PROYECTO'!M214 -> 654.2235 | M19: 981966 | N19: =+M19*L19 -> 6.4242523e+08
G20: ICCU | H20: 5 | I20: CONCRETO CICLÓPEO CLASE G, 2000 PSI 40% RAJÓN PARA BASES | J20: Materiales | K20: M3 | L20: ='MEMORIAS PROYECTO'!M264 -> 419.67675 | M20: 504410 | N20: =+M20*L20 -> 2.1168915e+08
G21: ICCU | H21: 6 | I21: CONCRETO CLASE E, 2500 PSI PARA BASES | J21: Materiales | K21: M3 | L21: ='MEMORIAS PROYECTO'!M324 -> 513.945 | M21: 673538 | N21: =+M21*L21 -> 3.4616149e+08 | R21: SST
G22: ICCU | H22: 7 | I22: SUMINISTRO FIGURADO Y ARMADO DE ACERO DE REFUERZO 60000 PSI | J22: Materiales | K22: KG | L22: ='MEMORIAS PROYECTO'!M442 -> 69257.123 | M22: 8165 | N22: =+M22*L22 -> 5.6548441e+08 | O22: =N22*1.35 -> 7.6340395e+08
I23: SUBTOTAL | N23: =SUBTOTAL(9,N19:N22) -> 1.7657603e+09
A26: VALOR COSTO DIRECTO | N26: =ROUND((SUBTOTAL(9,N14:N23)),0) -> 2005483595
A27: PLAN DE MANEJO DE TRANSITO | K27: 8 | L27: meses | M27: =PMT!J44 -> 4981000 | N27: =K27*M27 -> 39848000
A28: PLAN DE MANEJO DE AMBIENTAL | N28: =PMA!U22 -> 40000000
A29: AIU | M29: 0.355 | N29: =ROUND(N26*M29,0) -> 711946676
A30: CARACTERIZACIÓN VIAL | M30: 10 Km | N30: =10*1250000 -> 12500000
A31: PRESUPUESTO SST | N31: 36820400
A32: INTERVENTORIA | N32: =ROUND((+'Costos interventoría'!J70),0) -> 134038510
A33: VALOR TOTAL OBRA CIVIL | N33: =SUM(N26:N32) -> 2980637181 | O33: =N33-N32 -> 2846598671
A35: PRESUPUESTO ELABORADO POR:

Sheet AIU
A1: DESGLOSE DEL A.I.U.
A3: 45799 | C3: MEJORAMIENTO DE LAS VIAS RURALES DE LAS VEREDAS PEÑAS DE CAJON SECTOR LA CABECERA, VEREDA PALACIO SECTOR EL TENDIDO, VEREDA CHIPAQUIN SECTOR CHIPAQUIN, VEREDA OJO DE AGUA SECTOR LA ESCUELA, VEREDA NOVOA SECTOR LA Y, VEREDA SANTA BARBARA SECTOR LA QUINTA, VEREDA PALACIO SECTOR ENTREPIEDRA Y VEREDA PEDREGAL SECTOR TRES ESQUINAS DEL MUNICIPIO DE SUTATAUSA CUNDINAMARCA
C10: VALOR OBRA CIVIL | D10: =PPTO!N26 -> 2005483595
C11: TERMINO DE EJECUCIÓN DE OBRA ( MESES ) | D11: 8
C12: FACTOR PRESTACIONAL PERSONAL | D12: 0.01647564
A14: A. ADMINISTRACIÓN
A15: CANTIDAD | C15: DESCRIPCION DEL CARGO | D15: DEDICACIÓN MES | E15: SALARIO MENSUAL | F15: FACTOR PRESTACIONAL | G15: PLAZO CONSTRUCCION | H15: CANTIDAD DE PERSONAL / DEDICACION/SALARIO / PLAZO/FACTOR PRESTACIONAL
A16: A | D16: B | E16: C | F16: D | G16: E | H16: F = A * B * C * D * E
A17: 1.1 PERSONAL PROFESIONAL Y ESPECIALISTAS
A18: 1 | C18: Director de Obra | D18: 0.4 | E18: 3200000 | F18: =+(1+'Costos interventoría'!$J$26) -> 1.647564 | G18: 8 | H18: =ROUND(+D18*E18*G18*F18,0) -> 16871055
A19: Funciones: | C19: (Dirigir, coordinar, verificar la ejecución de todas las actividades de obras en los plazos requeridos por el contratante. Esto incluye la coordinación de todas las áreas técnicas, así como las solicitudes provenientes de la parte administrativa, jurídica, legal y social en los que hubiere necesidad de su participación. Producción de informes de acuerdo a las solicitudes de la entidad contratante. Participación en comités. Entrega de productos, y seguimiento del plan de calidad de la empresa). Debe ser un Profesional de la Ingeniería (o Arquitectura), con los conocimientos técnicos mínimos necesarios para velar por la adecuada ejecución de la obra en concordancia con los Planos de Proyecto, con las normas Técnicas de Construcción vigentes, con la Planificación estipulada para la ejecución y, en general, con las condiciones acordadas legalmente con el Contratante de la obra.)
A20: 2 | C20: Ingeniero Residente del proyecto | D20: 1 | E20: 2500000 | F20: =+(1+'Costos interventoría'!$J$26) -> 1.647564 | G20: 8 | H20: =ROUND(+A20*D20*E20*G20*F20,0) -> 65902560
A21: Funciones: | C21: (Planear, coordinar, verificar la correcta ejecución de todas las actividades de obras en los plazos requeridos por el contratante, de acuerdo con lo establecido en los terminos de referencia, dejar constancia de la correcta ejecución de las obras mediante registro fotográfico. Estará bajo la supervisión del Director de Obra. Debe ser un Profesional de la Ingeniería (o Arquitectura), con los conocimientos técnicos mínimos necesarios para velar por la adecuada ejecución de la obra en concordancia con los Planos de Proyecto, con las normas Técnicas de Construcción vigentes, con la Planificación estipulada para la ejecución y, en general, con las condiciones acordadas legalmente con el Contratante de la obra.)
A22: 1.2 PERSONAL ADMINISTRATIVO
A23: 1 | C23: Secretaria | D23: 0.5 | E23: 1500000 | F23: =+(1+'Costos interventoría'!$J$39) -> 1.583164 | G23: 8 | H23: =D23*E23*G23*F23 -> 9498984
A24: 1 | C24: contador | D24: 0.2 | E24: 1500000 | F24: =+(1+'Costos interventoría'!$J$39) -> 1.583164 | G24: 8 | H24: =D24*E24*G24*F24 -> 3799593.6
A25: SUBTOTAL COSTOS DE PERSONAL | H25: =ROUND(SUM(H18:H24),0) -> 96072193
A27: 2. GASTOS OPERACIONALES
A28: OTROS GASTOS
A29: DESCRIPCION | F29: COSTO MES | G29: DURACION MESES | H29: VALOR ($)
A30: Pago servicios Publicos durante la ejecucion del proyecto | F30: 160000 | G30: 8 | H30: =+F30*G30 -> 1280000
A31: Registro Fotografico, Videos, Informes | F31: 160000 | G31: 8 | H31: =+F31*G31 -> 1280000
A32: Registro y elaboracion planos record | F32: 160000 | G32: 8 | H32: =+F32*G32 -> 1280000
A33: Toma de Densidades | D33: 50 | F33: 60000 | G33: 1 | H33: =G33*F33*D33 -> 3000000
A34: Rotura de Cilindros | D34: 180 | F34: 35000 | G34: 1 | H34: =G34*F34*D34 -> 6300000
A35: Alquiler oficina | F35: 198000 | G35: 8 | H35: =+F35*G35 -> 1584000
A36: Valla Informativa tipo invias 2mx5m | F36: 3500000 | G36: 1 | H36: =+F36*G36 -> 3500000
A37: SUBTOTAL GASTOS OPERACIONALES MENSUALES | H37: =ROUND(SUM(H28:H36),0) -> 18224000
A39: TOTAL COSTOS PERSONAL + GASTOS OPERACIONALES POR EL TÉRMINO DE EJECUCIÓN | H39: =((H25+H37)) -> 114296193
A40: TOTAL COSTOS PERSONAL + GASTOS OPERACIONALES POR EL TÉRMINO DE EJECUCIÓN EN PORCENTAJE DEL COSTO DIRECTO | H40: =+H39/$D$10 -> 0.056991836
A43: 3. IMPUESTOS Y GARANTÍAS
A44: 3.1 IMPUESTOS
A45: DESCRIPCIÓN | F45: VR. BASE | G45: IMPUESTO % | H45: VALOR ($)
A46: ESTAMPILLA PRO-CULTURA | F46: =+PPTO!$N$33-PPTO!$N$32 -> 2846598671 | G46: 0.02 | H46: =F46*G46 -> 56931973
A47: ESTAMPILLA PRO-DEPORTE | F47: =+PPTO!$N$33-PPTO!$N$32 -> 2846598671 | G47: 0.025 | H47: =F47*G47 -> 71164967
A48: ESTAMPILLA ADULTO MAYOR | F48: =+PPTO!$N$33-PPTO!$N$32 -> 2846598671 | G48: 0.04 | H48: =F48*G48 -> 1.1386395e+08
A49: ESTAMPILLA PRO FAMILIAR | F49: =+PPTO!$N$33-PPTO!$N$32 -> 2846598671 | G49: 0.02 | H49: =F49*G49 -> 56931973
A50: IMPUESTO DE SEGURIDAD | F50: =+PPTO!$N$33-PPTO!$N$32 -> 2846598671 | G50: 0.05 | H50: =F50*G50 -> 1.4232993e+08
A51: SUBTOTAL IMPUESTOS | H51: =ROUND(SUM(H46:H50),0) -> 441222794
A52: 3.2 GARANTIAS
A53: DESCRIPCIÓN | D53: VR. BASE | E53: % ASEGURADO | F53: VR. ASEGURADO | H53: VALOR TOTAL ($)
A54: G.UNICA | B54: CUMPLIMIENTO | D54: =F46 -> 2846598671 | E54: 0.2 | F54: =ROUND(+D54*E54,0) -> 569319734 | H54: =+F54*1% -> 5693197.3
B55: CALIDAD DE BIENES | D55: =F48 -> 2846598671 | E55: 0.3 | F55: =ROUND(+D55*E55,0) -> 853979601 | H55: =+F55*1% -> 8539796
B56: SALARIOS Y PRESTACIONES SOCIALES | D56: =+D55 -> 2846598671 | E56: 0.05 | F56: =ROUND(+D56*E56,0) -> 142329934 | H56: =+F56*1% -> 1423299.3
B57: ESTABILIDAD Y CALIDAD DE LA OBRA | D57: =D56 -> 2846598671 | E57: 0.2 | F57: =ROUND(+D57*E57,0) -> 569319734 | H57: =+F57*1% -> 5693197.3
B58: RESPONSABILIDAD CIVIL EXTRACONTRACTUAL | D58: 400 S.L.M.V | E58: 0.05 | F58: =400*828116 -> 331246400 | H58: =+F58*1% -> 3312464
A59: SUBTOTAL GARANTÍAS | H59: =SUM(H54:H58) -> 24661954
A61: TOTAL IMPUESTOS Y GARANTÍAS | H61: =ROUND(+H51+H59,0) -> 465884748
A62: TOTAL IMPUESTOS Y GARANTÍAS EN PORCENTAJE DEL COSTO DIRECTO | H62: =+H61/$D$10 -> 0.23230544
A63: TOTAL IMPUESTOS Y GARANTÍAS DE LEGALIZACION DE CONTRATO EN PORCENTAJE DEL COSTO DIRECTO | H63: =+H62 -> 0.23230544
A66: A. ADMINISTRACIÓN (1 + 2 + 3) | H66: =(H63+H40) -> 0.28929728
A69: I. IMPREVISTOS | H69: 0.01
A71: U. UTILIDAD | H71: 0.05
A73: A.I.U. (ADMINISTRACIÓN, IMPREVISTOS Y UTILIDAD) | G73: SUMATORIA DE (A+I+U) | H73: =H66+H69+H71 -> 0.34929728

Sheet Costos interventoría
B2: 22/05/2025 | D2: MEJORAMIENTO DE LAS VIAS RURALES DE LAS VEREDAS PEÑAS DE CAJON SECTOR LA CABECERA, VEREDA PALACIO SECTOR EL TENDIDO, VEREDA CHIPAQUIN SECTOR CHIPAQUIN, VEREDA OJO DE AGUA SECTOR LA ESCUELA, VEREDA NOVOA SECTOR LA Y, VEREDA SANTA BARBARA SECTOR LA QUINTA, VEREDA PALACIO SECTOR ENTREPIEDRA Y VEREDA PEDREGAL SECTOR TRES ESQUINAS DEL MUNICIPIO DE SUTATAUSA CUNDINAMARCA
B6: CÁLCULO DETALLADO DEL VALOR DE LA INTERVENTORÍA
B7: INTERVENTORÍA TÉCNICA, ADMINISTRATIVA Y FINANCIERA PARA EL MEJORAMIENTO DE LAS VIAS RURALES DE LAS VEREDAS PEÑAS DE CAJON SECTOR LA CABECERA, VEREDA PALACIO SECTOR EL TENDIDO, VEREDA CHIPAQUIN SECTOR CHIPAQUIN, VEREDA OJO DE AGUA SECTOR LA ESCUELA, VEREDA NOVOA SECTOR LA Y, VEREDA SANTA BARBARA SECTOR LA QUINTA, VEREDA PALACIO SECTOR ENTREPIEDRA Y VEREDA PEDREGAL SECTOR TRES ESQUINAS DEL MUNICIPIO DE SUTATAUSA CUNDINAMARCA
B8: N° | C8: CONCEPTO | D8: A | E8: B | F8: C | G8: D | H8: E | I8: F | J8: G
D9: SUELDO MES BÁSICO | E9: CANTIDAD | F9: % DE DEDICACIÓN | G9: VALOR MES (A * B * C) | H9: N° DE MESES | I9: TOTAL PARCIAL (D * E) | J9: TOTAL PERSONAL X FACTOR MULTIPLICADOR
B10: 1 | C10: PERSONAL
B11: 1.1 | C11: PERSONAL DE SUPERVISIÓN
B12: 1.1.1 | C12: Director de Interventoría (Cat. 2) | D12: =+AIU!E18 -> 3200000 | E12: 1 | F12: 0.5 | G12: =ROUND(D12*E12*F12,0) -> 1600000 | H12: 8 | I12: =ROUND(G12*H12,0) -> 12800000 | J12: =I12*(J24+J26) -> 21088819
B13: 1.1.2 | C13: Ingenieros Residentes de de Interventoría (Cat. 5) | D13: =+AIU!E20 -> 2500000 | E13: 1 | F13: 1 | G13: =ROUND(D13*E13*F13,0) -> 2500000 | H13: 8 | I13: =ROUND(G13*H13,0) -> 20000000 | J13: =I13*(J26+J24) -> 32951280
B14: 1.2 | C14: PERSONAL DE APOYO
B15: 1.2.1 | C15: Contador | D15: =+AIU!E24 -> 1500000 | E15: 1 | F15: 0.3 | G15: =ROUND(D15*E15*F15,0) -> 450000 | H15: 8 | I15: =ROUND(G15*H15,0) -> 3600000 | J15: =I15*(J24+J39) -> 5699390.4
B16: 1.2.3 | C16: Auxiliar de oficina | D16: =+AIU!E23 -> 1500000 | E16: 1 | F16: 0.3 | G16: =ROUND(D16*E16*F16,0) -> 450000 | H16: 8 | I16: =ROUND(G16*H16,0) -> 3600000 | J16: =I16*(J24+J39) -> 5699390.4
B17: 1.2.4 | C17: Asesor Juridico | D17: 4000000 | E17: 1 | F17: 0.4 | G17: =ROUND(D17*E17*F17,0) -> 1600000 | H17: 8 | I17: =ROUND(G17*H17,0) -> 12800000 | J17: =I17*(J24+J39) -> 20264499
H18: SUBTOTAL COSTOS DE PERSONAL | I18: =+SUM(I12:I16) -> 40000000 | J18: =+J16+J15+J13+J12+J17 -> 85703379
B20: CALCULO DEL FACTOR MULTIPLICADOR
B22: OTROS COSTOS DIRECTOS
I23: %
B24: A | C24: NÓMINA BASE DE CÁLCULO | J24: 1
B26: B | C26: PRESTACIONES SOCIALES OBRA | J26: =+SUM(I27:I38) -> 0.647564
C27: Seguridad social SALUD
C28: Seguridad social PENSIÓN | I28: 0.12
C29: Afiliacion a riesgos Laborales | I29: 0.0696
C30: Caja de Compensacion | I30: 0.04
C31: Cesantías | I31: 0.1097
C32: Intereses sobre cesantías | I32: =+I31*0.12 -> 0.013164
C33: Prima anual | I33: 0.0914
C34: Vacaciones | I34: 0.0417
C35: Dotacion | I35: 0.03
C36: FIC | I36: 0.025
C37: Examenes de ingreso, ausencias justificadas, Indemnizaciones, etc. ) | I37: 0.01
C38: Subsidio de Transporte | I38: 0.097
B39: C | C39: PRESTACIONES SOCIALES OFICINA | J39: =+SUM(I40:I51) -> 0.583164
C40: Seguridad social SALUD
C41: Seguridad social PENSIÓN | I41: 0.12
C42: Afiliacion a riesgos Laborales | I42: 0.0052
C43: Caja de Compensacion | I43: 0.04
C44: Cesantías | I44: 0.1097
C45: Intereses sobre cesantías | I45: =+I44*0.12 -> 0.013164
C46: Prima anual | I46: 0.0914
C47: Vacaciones | I47: 0.0417
C48: Dotacion | I48: 0.03
C49: FIC | I49: 0.025
C50: Examenes de ingreso, ausencias justificadas, Indemnizaciones, etc. ) | I50: 0.01
C51: Subsidio de Transporte | I51: 0.097
B52: C | C52: GASTOS DIRECTOS | H52: subtotal | J52: =H53 -> 4800000
C53: Alquiler de oficina | D53: 600000 | E53: 8 | H53: =+D53*E53 -> 4800000
B54: D | C54: GASTOS GENERALES | H54: subtotal | J54: =H55+H56 -> 8850000
C55: Toma de Densidades | D55: =+AIU!F33 -> 60000 | E55: 60 | H55: =+D55*E55 -> 3600000
C56: Fallo de cilindros | D56: =+AIU!F34 -> 35000 | E56: 150 | H56: =+D56*E56 -> 5250000
B58: D | C58: GASTOS DE PERFECCIONAMIENTO | J58: =+SUM(H59:H63) -> 13284024
C59: ESTAMPILLA PRO-CULTURA | D59: 0.02 | H59: =D59*$J$18 -> 1714067.6
C60: ESTAMPILLA PRO-DEPORTE | D60: 0.025 | H60: =D60*$J$18 -> 2142584.5
C61: ESTAMPILLA ADULTO MAYOR | D61: 0.04 | H61: =D61*$J$18 -> 3428135.2
C62: ESTAMPILLA PRO FAMILIAR | D62: 0.02 | H62: =D62*$J$18 -> 1714067.6
C63: IMPUESTO DE SEGURIDAD | D63: 0.05 | H63: =D63*$J$18 -> 4285169
C64: SUBTOTAL OTROS COSTOS DIRECTOS | J64: =ROUND((SUM(J52:J63)),1) -> 26934024
B65: RESUMEN GENERAL
C66: SUBTOTAL COSTOS DE PRESONAL | J66: =J18 -> 85703379
C67: GASTOS ADMINISTRATIVOS | J67: =+J64 -> 26934024
I68: TOTAL | J68: =J66+J67 -> 112637403
I69: IVA 19% | J69: =+J68*0.19 -> 21401107
I70: TOTAL | J70: =+J69+J68 -> 1.3403851e+08

Sheet PMA
A2: REPÚBLICA DE COLOMBIA
A7: OBJETO: MEJORAMIENTO DE LAS VIAS RURALES DE LAS VEREDAS PEÑAS DE CAJON SECTOR LA CABECERA, VEREDA PALACIO SECTOR EL TENDIDO, VEREDA CHIPAQUIN SECTOR CHIPAQUIN, VEREDA OJO DE AGUA SECTOR LA ESCUELA, VEREDA NOVOA SECTOR LA Y, VEREDA SANTA BARBARA SECTOR LA QUINTA, VEREDA PALACIO SECTOR ENTREPIEDRA Y VEREDA PEDREGAL SECTOR TRES ESQUINAS DEL MUNICIPIO DE SUTATAUSA CUNDINAMARCA
A9: PRESUPUESTO OFICIAL DE OBRAS DE MITIGACION AMBIENTAL Y SOCIAL
A10: No. | B10: NOMBRE DEL INSUMO O ITEM | E10: MEDIDA A EJECUTAR | I10: CANTD | J10: UND | K10: V. UNITARIO | L10: CONSTRUCCION | U10: VALOR TOTAL
B11: PROGRAMA | C11: PROYECTO | D11: ACTIVIDAD | E11: CTRL | F11: PREV | G11: MITI | H11: CORR | L11: MES 1 | M11: MES 2 | N11: MES 3 | O11: MES 4 | P11: MES 5 | Q11: MES 6 | R11: MES 7 | S11: MES 8 | T11: TOTAL MESES
A12: 1 | B12: Programa de Manejo de Residuos emisiones y efluentes | D12: Plan de Manejo para escombreras y botaderos | F12: X | G12: X | H12: X | I12: 3 | J12: UND | K12: 4000000 | L12: 0.125 | M12: 0.125 | N12: 0.125 | O12: 0.125 | P12: 0.125 | Q12: 0.125 | R12: 0.125 | S12: 0.125 | T12: 8 | U12: =K12 -> 4000000
D13: control de emisiones gaseosas, material particulado, ruido y vibraciones | E13: X | F13: X | I13: 3 | J13: UND | K13: 4000000 | L13: 0.125 | M13: 0.125 | N13: 0.125 | O13: 0.125 | P13: 0.125 | Q13: 0.125 | R13: 0.125 | S13: 0.125 | T13: 8 | U13: =K13 -> 4000000
D14: control de la gestion de residuos solidos y peligrosos | E14: X | F14: X | I14: 3 | J14: UND | K14: 4000000 | L14: 0.125 | M14: 0.125 | N14: 0.125 | O14: 0.125 | P14: 0.125 | Q14: 0.125 | R14: 0.125 | S14: 0.125 | T14: 8 | U14: =K14 -> 4000000
A15: 2 | B15: Programa de Control Ambiental de la obra | D15: Control de Excavaciones, remocion del suelo y cobertura vegetal | E15: X | F15: X | I15: 3 | J15: UND | K15: 4000000 | L15: 0.125 | M15: 0.125 | N15: 0.125 | O15: 0.125 | P15: 0.125 | Q15: 0.125 | R15: 0.125 | S15: 0.125 | T15: 8 | U15: =K15 -> 4000000
D16: Control del acopio y utilizacion de materiales e insumos | I16: 3 | J16: UND | K16: 4000000 | L16: 0.125 | M16: 0.125 | N16: 0.125 | O16: 0.125 | P16: 0.125 | Q16: 0.125 | R16: 0.125 | S16: 0.125 | T16: 8 | U16: =K16 -> 4000000
D17: brigada de aseo (incluye mano de obra y herramienta menor) | E17: X | F17: X | G17: X | H17: X | I17: 6 | J17: UND | K17: 4000000 | L17: 0.125 | M17: 0.125 | N17: 0.125 | O17: 0.125 | P17: 0.125 | Q17: 0.125 | R17: 0.125 | S17: 0.125 | T17: 8 | U17: =K17 -> 4000000
A18: 3 | B18: Programa de Gestion Ambiental de la Obra | C18: Capacitacion ambiental al personal de la obra | D18: Capacitacion Tecnica, Ambiental, Salud Ocupacional y social | E18: X | F18: X | G18: X | I18: 3 | J18: UND | K18: 4000000 | L18: 0.125 | M18: 0.125 | N18: 0.125 | O18: 0.125 | P18: 0.125 | Q18: 0.125 | R18: 0.125 | S18: 0.125 | T18: 8 | U18: =K18 -> 4000000
A19: 4 | B19: Programa de Gestion Social | C19: proyeto de Atencion a la comunidad | D19: Funcionamiento del SAU | E19: X | I19: 3 | J19: UND | K19: 4000000 | L19: 0.125 | M19: 0.125 | N19: 0.125 | O19: 0.125 | P19: 0.125 | Q19: 0.125 | R19: 0.125 | S19: 0.125 | T19: 8 | U19: =K19 -> 4000000
D20: Manejo de Infraestructura, Predios y servicios Publicos | F20: X | G20: X | I20: 3 | J20: UND | K20: 4000000 | L20: 0.125 | M20: 0.125 | N20: 0.125 | O20: 0.125 | P20: 0.125 | Q20: 0.125 | R20: 0.125 | S20: 0.125 | T20: 8 | U20: =K20 -> 4000000
C21: Proyecto de informacion y divulgacion | D21: Socializaciones | E21: X | F21: X | G21: X | I21: 3 | J21: UND | K21: 4000000 | L21: 0.125 | M21: 0.125 | N21: 0.125 | O21: 0.125 | P21: 0.125 | Q21: 0.125 | R21: 0.125 | S21: 0.125 | T21: 8 | U21: =K21 -> 4000000
A22: COSTO TOTAL AMBIENTAL Y SOCIAL | U22: =SUM(U12:U21) -> 40000000
A23: Nota: Los valores anteriormente presentadoS incluyen un personal ambiental quien ejecutara las anteriores labores.
B29: ING. NESTOR MARQUEZ CARRILLO
B30: Secretario de Planeación e infraestructura
B31: INGENIERO CIVIL

Sheet PMT
B2: PRESPUESTO PMT
B6: OBJETO : | D6: OBJETO: MEJORAMIENTO DE LAS VIAS RURALES DE LAS VEREDAS PEÑAS DE CAJON SECTOR LA CABECERA, VEREDA PALACIO SECTOR EL TENDIDO, VEREDA CHIPAQUIN SECTOR CHIPAQUIN, VEREDA OJO DE AGUA SECTOR LA ESCUELA, VEREDA NOVOA SECTOR LA Y, VEREDA SANTA BARBARA SECTOR LA QUINTA, VEREDA PALACIO SECTOR ENTREPIEDRA Y VEREDA PEDREGAL SECTOR TRES ESQUINAS DEL MUNICIPIO DE SUTATAUSA CUNDINAMARCA
B8: ITEM: | D8: PLAN DE MANEJO DE TRANSITO
I10: UNIDAD: | J10: MES
B11: I. EQUIPO
B12: DESCRIPCIÓN | G12: Tipo | H12: T-Hora | I12: Rend. | J12: V.Unitario
B13: Alquiler de 2 vallas de cerramiento incluye instalacion y retiro | G13: Mes | H13: 300000 | I13: 2 | J13: =H13*I13 -> 600000
B14: Alquiler de 2 señales verticales (desvio y cierres) Inlcuye instalacion y retiro | G14: Mes | H14: 200000 | I14: 2 | J14: =H14*I14 -> 400000
B15: Herramienta Menor | G15: Gl | H15: 300000 | I15: 1 | J15: =H15*I15 -> 300000
I19: SUB-TOTAL | J19: =SUM(J13:J18) -> 1300000
B21: II. MATERIALES EN OBRA
B22: DESCRIPCIÓN | G22: Unidad | H22: P.Unitario | I22: Cantidad | J22: V.Unitario
B23: Tela verde de h=2,1 Mts para senderos peatonales | G23: ML | H23: 2400 | I23: 200 | J23: =I23*H23 -> 480000
B24: Cercos en madera de 2,1 mts para senderos peatonales | G24: Unidad | H24: 10000 | I24: 20 | J24: =I24*H24 -> 200000
J26: =I26*H26 -> 0
I27: SUB-TOTAL | J27: =SUM(J23:J26) -> 680000
B29: III. TRANSPORTE
B30: MATERIAL | F30: V-P ó Cantidad | G30: Distancia | H30: M3-KM | I30: Tarifa | J30: V.Unitario
B31: Transporte de Señales | F31: 1 | H31: 1 | I31: 500 | J31: =I31*F31 -> 500
B32: transporte de tela y cercos | F32: 1 | H32: 1 | I32: 500 | J32: =I32*F32 -> 500
I33: SUB-TOTAL | J33: =J31+J32 -> 1000
B35: IV. MANO DE OBRA
B36: PERSONAL | E36: Cantidad | F36: Jornal | G36: Prest. (80%) | H36: J-Total | I36: Rend. | J36: V.Unitario
B37: 2 paleteros | E37: 1 | F37: 50000 | G37: =F37*80% -> 40000 | H37: =(G37+F37)*E37 -> 90000 | I37: 0.03 | J37: =H37/I37 -> 3000000
I41: SUB-TOTAL | J41: =SUM(J37:J40) -> 3000000
G44: TOTAL COSTO DIRECTO | J44: =J41+J33+J27+J19 -> 4981000
B48: ING. NESTOR MARQUEZ CARRILLO
B49: Secretario de Planeación e infraestructura
B50: INGENIERO CIVIL

Sheet CRONOGRAMA Y FF INTERV (2)
D2: CRONOGRAMA Y FLUJO DE FONDOS INTERVENTORIA
B3: OBJETO: MEJORAMIENTO DE LAS VIAS RURALES DE LAS VEREDAS PEÑAS DE CAJON SECTOR LA CABECERA, VEREDA PALACIO SECTOR EL TENDIDO, VEREDA CHIPAQUIN SECTOR CHIPAQUIN, VEREDA OJO DE AGUA SECTOR LA ESCUELA, VEREDA NOVOA SECTOR LA Y VEREDA SANTA BARBARA SECTOR LA QUINTA DEL MUNICIPIO DE SUTATAUSA CUNDINAMARCA
B7: DATOS GENERALES
B9: Valor total del Proyecto (miles): | D9: ='Costos interventoría'!J70/1000 -> 134038.51
B11: Duración: | C11: 6 de obra | D11: 6 meses
B15: ITEM | C15: DESCRIPCION | D15: VALOR ITEM | E15: % TOTAL OBRA | F15: PRECONTRACTUAL | I15: CONSTRUCCION | Q15: LIQUIDACION | S15: TOTAL | T15: TOTAL
F16: 1 | G16: 2 | H16: 3 | I16: 4 | J16: 5 | K16: 6 | L16: 7 | M16: 8 | N16: 9 | O16: 10 | P16: 11 | Q16: 12 | R16: 13 | T16: ACUMULADO
B18: 0 | C18: PROCESO CONTRACTUAL
B19: 1.1 | C19: COSTOS DIRECTOS DE PERSONAL | D19: =+SUM(D21:D24) -> 54040.099 | E19: =D19/$D$9 -> 0.40316846 | I19: =+SUM(I21:I24) -> 6755.0124 | J19: =+SUM(J21:J24) -> 6755.0124 | K19: =+SUM(K21:K24) -> 6755.0124 | L19: =+SUM(L21:L24) -> 6755.0124 | M19: =+SUM(M21:M24) -> 6755.0124 | N19: =+SUM(N21:N24) -> 6755.0124 | O19: =+SUM(O21:O24) -> 6755.0124 | P19: =+SUM(P21:P24) -> 6755.0124 | S19: =SUM(I19:P19) -> 54040.099 | T19: =S19 -> 54040.099
B21: 1.1.1 | C21: Director de Interventoría | D21: ='Costos interventoría'!J12/1000 -> 21088.819 | I21: =+$D$21/8 -> 2636.1024 | J21: =+$D$21/8 -> 2636.1024 | K21: =+$D$21/8 -> 2636.1024 | L21: =+$D$21/8 -> 2636.1024 | M21: =+$D$21/8 -> 2636.1024 | N21: =+$D$21/8 -> 2636.1024 | O21: =+$D$21/8 -> 2636.1024 | P21: =+$D$21/8 -> 2636.1024 | S21: =SUM(I21:P21) -> 21088.819 | T21: =+S21 -> 21088.819
B23: 1.1.2 | C23: Ingeniero Residente | D23: ='Costos interventoría'!J13/1000 -> 32951.28 | I23: =+$D$23/8 -> 4118.91 | J23: =+$D$23/8 -> 4118.91 | K23: =+$D$23/8 -> 4118.91 | L23: =+$D$23/8 -> 4118.91 | M23: =+$D$23/8 -> 4118.91 | N23: =+$D$23/8 -> 4118.91 | O23: =+$D$23/8 -> 4118.91 | P23: =+$D$23/8 -> 4118.91 | S23: =SUM(I23:P23) -> 32951.28 | T23: =+S23+T21 -> 54040.099
B25: 1.2 | C25: PERSONAL DE APOYO | D25: =+D27+D29+D31 -> 31663.28 | E25: =D25/$D$9 -> 0.23622525 | I25: =+SUM(I27:I31) -> 3957.91 | J25: =+SUM(J27:J31) -> 3957.91 | K25: =+SUM(K27:K31) -> 3957.91 | L25: =+SUM(L27:L31) -> 3957.91 | M25: =+SUM(M27:M31) -> 3957.91 | N25: =+SUM(N27:N31) -> 3957.91 | O25: =+SUM(O27:O31) -> 3957.91 | P25: =+SUM(P27:P31) -> 3957.91 | S25: =SUM(I25:P25) -> 31663.28 | T25: =+S25+T19 -> 85703.379
B27: 1.2.1 | C27: ='[203]Costos interventoría'!C15 -> Contador | D27: ='Costos interventoría'!J15/1000 -> 5699.3904 | I27: =$D$27/8 -> 712.4238 | J27: =$D$27/8 -> 712.4238 | K27: =$D$27/8 -> 712.4238 | L27: =$D$27/8 -> 712.4238 | M27: =$D$27/8 -> 712.4238 | N27: =$D$27/8 -> 712.4238 | O27: =$D$27/8 -> 712.4238 | P27: =$D$27/8 -> 712.4238 | S27: =SUM(I27:P27) -> 5699.3904 | T27: =T23+S27 -> 59739.49
B29: 1.2.3 | C29: ='[203]Costos interventoría'!C16 -> Auxiliar de oficina | D29: ='Costos interventoría'!J16/1000 -> 5699.3904 | I29: =$D$29/8 -> 712.4238 | J29: =$D$29/8 -> 712.4238 | K29: =$D$29/8 -> 712.4238 | L29: =$D$29/8 -> 712.4238 | M29: =$D$29/8 -> 712.4238 | N29: =$D$29/8 -> 712.4238 | O29: =$D$29/8 -> 712.4238 | P29: =$D$29/8 -> 712.4238 | S29: =SUM(I29:P29) -> 5699.3904 | T29: =T27+S29 -> 65438.88
B31: 1.2.4 | C31: Asesor Juridico | D31: ='Costos interventoría'!J17/1000 -> 20264.499 | I31: =$D$31/8 -> 2533.0624 | J31: =$D$31/8 -> 2533.0624 | K31: =$D$31/8 -> 2533.0624 | L31: =$D$31/8 -> 2533.0624 | M31: =$D$31/8 -> 2533.0624 | N31: =$D$31/8 -> 2533.0624 | O31: =$D$31/8 -> 2533.0624 | P31: =$D$31/8 -> 2533.0624 | S31: =SUM(I31:P31) -> 20264.499 | T31: =T29+S31 -> 85703.379
B33: C | C33: GASTOS DIRECTOS | D33: =+D35 -> 4800 | E33: =D33/$D$9 -> 0.035810604 | I33: =+SUM(I35:I36) -> 600 | J33: =+SUM(J35:J36) -> 600 | K33: =+SUM(K35:K36) -> 600 | L33: =+SUM(L35:L36) -> 600 | M33: =+SUM(M35:M36) -> 600 | N33: =+SUM(N35:N36) -> 600 | O33: =+SUM(O35:O36) -> 600 | P33: =+SUM(P35:P36) -> 600 | S33: =SUM(I33:P33) -> 4800 | T33: =+S33+T25 -> 90503.379
C35: Alquiler de Oficina | D35: ='Costos interventoría'!J52/1000 -> 4800 | I35: =$D$35/8 -> 600 | J35: =$D$35/8 -> 600 | K35: =$D$35/8 -> 600 | L35: =$D$35/8 -> 600 | M35: =$D$35/8 -> 600 | N35: =$D$35/8 -> 600 | O35: =$D$35/8 -> 600 | P35: =$D$35/8 -> 600 | S35: =SUM(I35:P35) -> 4800 | T35: =T31+S35 -> 90503.379
B37: D | C37: GASTOS GENERALES | D37: =+D39+D41 -> 8850 | E37: =D37/$D$9 -> 0.066025801 | I37: =+SUM(I39:I41) -> 1106.25 | J37: =+SUM(J39:J41) -> 1106.25 | K37: =+SUM(K39:K41) -> 1106.25 | L37: =+SUM(L39:L41) -> 1106.25 | M37: =+SUM(M39:M41) -> 1106.25 | N37: =+SUM(N39:N41) -> 1106.25 | O37: =+SUM(O39:O41) -> 1106.25 | P37: =+SUM(P39:P41) -> 1106.25 | S37: =SUM(I37:P37) -> 8850 | T37: =+S37+T33 -> 99353.379
C39: Toma de Densidades | D39: ='Costos interventoría'!H55/1000 -> 3600 | I39: =$D$39/8 -> 450 | J39: =$D$39/8 -> 450 | K39: =$D$39/8 -> 450 | L39: =$D$39/8 -> 450 | M39: =$D$39/8 -> 450 | N39: =$D$39/8 -> 450 | O39: =$D$39/8 -> 450 | P39: =$D$39/8 -> 450 | S39: =SUM(I39:P39) -> 3600 | T39: =T35+S39 -> 94103.379
C41: Fallo de cilindros | D41: ='Costos interventoría'!H56/1000 -> 5250 | I41: =$D$41/8 -> 656.25 | J41: =$D$41/8 -> 656.25 | K41: =$D$41/8 -> 656.25 | L41: =$D$41/8 -> 656.25 | M41: =$D$41/8 -> 656.25 | N41: =$D$41/8 -> 656.25 | O41: =$D$41/8 -> 656.25 | P41: =$D$41/8 -> 656.25 | S41: =SUM(I41:P41) -> 5250 | T41: =T39+S41 -> 99353.379
B43: E | C43: GASTOS DE PERFECCIONAMIENTO | D43: =+D45+D59+D57+D61 -> 13284.024 | E43: =D43/$D$9 -> 0.099106024 | I43: =+SUM(I45:I46) -> 1660.503 | J43: =+SUM(J45:J46) -> 1660.503 | K43: =+SUM(K45:K46) -> 1660.503 | L43: =+SUM(L45:L46) -> 1660.503 | M43: =+SUM(M45:M46) -> 1660.503 | N43: =+SUM(N45:N46) -> 1660.503 | O43: =+SUM(O45:O46) -> 1660.503 | P43: =+SUM(P45:P46) -> 1660.503 | S43: =SUM(I43:P43) -> 13284.024 | T43: =+S43+T37 -> 112637.4
C45: Estampillas | D45: ='Costos interventoría'!J58/1000 -> 13284.024 | I45: =$D$45/8 -> 1660.503 | J45: =$D$45/8 -> 1660.503 | K45: =$D$45/8 -> 1660.503 | L45: =$D$45/8 -> 1660.503 | M45: =$D$45/8 -> 1660.503 | N45: =$D$45/8 -> 1660.503 | O45: =$D$45/8 -> 1660.503 | P45: =$D$45/8 -> 1660.503 | S45: =SUM(I45:P45) -> 13284.024 | T45: =T41+S45 -> 112637.4
C47: IVA | D47: ='Costos interventoría'!J69/1000 -> 21401.107 | I47: =$D$47/8 -> 2675.1383 | J47: =$D$47/8 -> 2675.1383 | K47: =$D$47/8 -> 2675.1383 | L47: =$D$47/8 -> 2675.1383 | M47: =$D$47/8 -> 2675.1383 | N47: =$D$47/8 -> 2675.1383 | O47: =$D$47/8 -> 2675.1383 | P47: =$D$47/8 -> 2675.1383 | S47: =SUM(I47:P47) -> 21401.107 | T47: =+S47+T43 -> 134038.51
B49: 2 | C49: Liquidacion
C50: COSTO INTERVENTORIA | D50: =+D25+D19+D47+D43+D37+D33 -> 134038.51 | E50: =+D50/D9 -> 1 | I50: =+I25+I19+I33+I37+I43+I47 -> 16754.814 | J50: =+J25+J19+J33+J37+J43+J47 -> 16754.814 | K50: =+K25+K19+K33+K37+K43+K47 -> 16754.814 | L50: =+L25+L19+L33+L37+L43+L47 -> 16754.814 | M50: =+M25+M19+M33+M37+M43+M47 -> 16754.814 | N50: =+N25+N19+N33+N37+N43+N47 -> 16754.814 | O50: =+O25+O19+O33+O37+O43+O47 -> 16754.814 | P50: =+P25+P19+P33+P37+P43+P47 -> 16754.814 | S50: =SUM(I50:P50) -> 134038.51 | T50: =S50 -> 134038.51
C53: TOTAL MES | I53: =SUM(I50:I50) -> 16754.814 | J53: =SUM(J50:J50) -> 16754.814 | K53: =+K50 -> 16754.814 | L53: =+L50 -> 16754.814 | M53: =+M50 -> 16754.814 | N53: =+N50 -> 16754.814 | O53: =+O50 -> 16754.814 | P53: =+P50 -> 16754.814
C54: TOTAL ACUMULADO | I54: =+I53 -> 16754.814 | J54: =+J53+I54 -> 33509.627 | K54: =+K53+J54 -> 50264.441 | L54: =+L53+K54 -> 67019.255 | M54: =+M53+L54 -> 83774.068 | N54: =+N53+M54 -> 100528.88 | O54: =+O53+N54 -> 117283.7 | P54: =+P53+O54 -> 134038.51
C55: % MES | I55: =I53/$D$9 -> 0.125 | J55: =J53/$D$9 -> 0.125 | K55: =K53/$D$9 -> 0.125 | L55: =L53/$D$9 -> 0.125 | M55: =M53/$D$9 -> 0.125 | N55: =N53/$D$9 -> 0.125 | O55: =O53/$D$9 -> 0.125 | P55: =P53/$D$9 -> 0.125
C56: % ACUMULADO | I56: =+I55 -> 0.125 | J56: =+J55+I56 -> 0.25 | K56: =+K55+J56 -> 0.375 | L56: =+L55+K56 -> 0.5 | M56: =+M55+L56 -> 0.625 | N56: =+N55+M56 -> 0.75 | O56: =+O55+N56 -> 0.875 | P56: =+P55+O56 -> 1
B58: Nota: cifras en miles de pesos
D65: ING. NESTOR MARQUEZ CARRILLO
D66: Secretario de Planeación e infraestructura
D67: INGENIERO CIVIL

Sheet CRONOGRAMA Y FF
B2: CRONOGRAMA Y FLUJO DE FONDOS
B3: OBJETO:MEJORAMIENTO DE LAS VIAS RURALES DE LAS VEREDAS PEÑAS DE CAJON SECTOR LA CABECERA, VEREDA PALACIO SECTOR EL TENDIDO, VEREDA CHIPAQUIN SECTOR CHIPAQUIN, VEREDA OJO DE AGUA SECTOR LA ESCUELA, VEREDA NOVOA SECTOR LA Y, VEREDA SANTA BARBARA SECTOR LA QUINTA, VEREDA PALACIO SECTOR ENTREPIEDRA Y VEREDA PEDREGAL SECTOR TRES ESQUINAS DEL MUNICIPIO DE SUTATAUSA CUNDINAMARCA
B7: DATOS GENERALES
B9: Valor total del Proyecto(miles): | D9: =PPTO!N33/1000 -> 2980637.2
B11: Duración: | C11: 8 de obra | D11: 8 meses
B15: ITEM | C15: DESCRIPCION | D15: VALOR ITEM | E15: % TOTAL OBRA | F15: PRECONTRACTUAL | I15: CONSTRUCCION | Q15: LIQUIDACION | S15: TOTAL | T15: TOTAL ACUMULADO
F16: 1 | G16: 2 | H16: 3 | I16: 4 | J16: 5 | K16: 6 | L16: 7 | M16: 8 | N16: 9 | O16: 10 | P16: 11 | Q16: 12 | R16: 13
B18: 0 | C18: PROCESO CONTRACTUAL
C19: PRELIMINARES, EXCAVACIONES, RELLENOS | D19: =SUM(D21:D26) -> 324825.09 | E19: =D19/$D$9 -> 0.10897841 | I19: =SUM(I21:I26) -> 315794.44 | J19: =SUM(J21:J26) -> 9030.6516 | M19: =SUM(M21:M26) -> 0 | T19: =I19 -> 315794.44
B21: 1,0 | C21: CONFORMACIÓN DE LA CALZADA EXISTENTE | D21: =PPTO!N14*1.355/1000 -> 15401.982 | I21: =D21 -> 15401.982 | S21: =SUM(I21:M21) -> 15401.982 | T21: =S21 -> 15401.982
B23: 2,0 | C23: SUB BASE GRANULAR | D23: =PPTO!N15*1.355/1000 -> 291361.81 | I23: =D23 -> 291361.81 | S23: =SUM(I23:M23) -> 291361.81 | T23: =T21+S23 -> 306763.79
B25: 3,0 | C25: EXCAVACIONES VARIAS EN MATERIAL COMÚN SECO A MANO (INCLUYE RETIRO DE SOBRANTES A UNA DISTANCIA MENOR DE 5 KM) | D25: =PPTO!N16*1.355/1000 -> 18061.303 | I25: =D25/2 -> 9030.6516 | J25: =D25/2 -> 9030.6516 | S25: =SUM(I25:M25) -> 18061.303 | T25: =T23+S25 -> 324825.09
C27: CONCRETOS | D27: =+SUM(D29:D45) -> 2655812.1 | E27: =D27/$D$9 -> 0.89102159 | I27: =+SUM(I29:I45) -> 330414.01 | J27: =+SUM(J29:J45) -> 330414.01 | K27: =+SUM(K29:K45) -> 330414.01 | L27: =+SUM(L29:L45) -> 330414.01 | M27: =+SUM(M29:M45) -> 330414.01 | N27: =+SUM(N29:N45) -> 330414.01 | O27: =+SUM(O29:O45) -> 330414.01 | P27: =+SUM(P29:P45) -> 342914.01 | S27: =SUM(I27:P27) -> 2655812.1 | T27: =T25+S27 -> 2980637.2
B29: 4 | C29: CONCRETOS CLASE D, f´c =3000 psi (placas) | D29: =PPTO!N19*1.355/1000 -> 870486.19 | I29: =$D$29/8 -> 108810.77 | J29: =$D$29/8 -> 108810.77 | K29: =$D$29/8 -> 108810.77 | L29: =$D$29/8 -> 108810.77 | M29: =$D$29/8 -> 108810.77 | N29: =$D$29/8 -> 108810.77 | O29: =$D$29/8 -> 108810.77 | P29: =$D$29/8 -> 108810.77 | S29: =SUM(I29:P29) -> 870486.19 | T29: =+T25+S29 -> 1195311.3
B31: 5 | C31: CONCRETO CICLÓPEO CLASE G, 2000 PSI 40% RAJÓN PARA BASES | D31: =PPTO!N20*1.355/1000 -> 286838.8 | I31: =$D$31/8 -> 35854.85 | J31: =$D$31/8 -> 35854.85 | K31: =$D$31/8 -> 35854.85 | L31: =$D$31/8 -> 35854.85 | M31: =$D$31/8 -> 35854.85 | N31: =$D$31/8 -> 35854.85 | O31: =$D$31/8 -> 35854.85 | P31: =$D$31/8 -> 35854.85 | S31: =SUM(I31:P31) -> 286838.8 | T31: =+T29+S31 -> 1482150.1
B33: 6 | C33: CUNETA DE CONCRETO CLASE E, 2500 PSI FUNDIDA EN EL LUGAR | D33: =PPTO!N21*1.355/1000 -> 469048.82 | I33: =$D$33/8 -> 58631.102 | J33: =$D$33/8 -> 58631.102 | K33: =$D$33/8 -> 58631.102 | L33: =$D$33/8 -> 58631.102 | M33: =$D$33/8 -> 58631.102 | N33: =$D$33/8 -> 58631.102 | O33: =$D$33/8 -> 58631.102 | P33: =$D$33/8 -> 58631.102 | S33: =SUM(I33:P33) -> 469048.82 | T33: =+T31+S33 -> 1951198.9
B35: 7 | C35: SUMINISTRO FIGURADO Y ARMADO DE ACERO DE REFUERZO 60000 PSI | D35: =PPTO!N22*1.355/1000 -> 766231.38 | I35: =$D$35/8 -> 95778.922 | J35: =$D$35/8 -> 95778.922 | K35: =$D$35/8 -> 95778.922 | L35: =$D$35/8 -> 95778.922 | M35: =$D$35/8 -> 95778.922 | N35: =$D$35/8 -> 95778.922 | O35: =$D$35/8 -> 95778.922 | P35: =$D$35/8 -> 95778.922 | S35: =SUM(I35:P35) -> 766231.38 | T35: =T33+S35 -> 2717430.3
C37: CARACTERUZACION VIAL | D37: =PPTO!N30/1000 -> 12500 | P37: =D37 -> 12500 | S37: =SUM(I37:P37) -> 12500 | T37: =T35+S37 -> 2729930.3
C39: MANEJO DE TRANSITO | D39: =PPTO!N27/1000 -> 39848 | I39: =$D$39/8 -> 4981 | J39: =$D$39/8 -> 4981 | K39: =$D$39/8 -> 4981 | L39: =$D$39/8 -> 4981 | M39: =$D$39/8 -> 4981 | N39: =$D$39/8 -> 4981 | O39: =$D$39/8 -> 4981 | P39: =$D$39/8 -> 4981 | S39: =SUM(I39:P39) -> 39848 | T39: =T37+S39 -> 2769778.3
C41: PLAN DE MANEJO AMBIENTAL | D41: =PPTO!N28/1000 -> 40000 | I41: =$D$41/8 -> 5000 | J41: =$D$41/8 -> 5000 | K41: =$D$41/8 -> 5000 | L41: =$D$41/8 -> 5000 | M41: =$D$41/8 -> 5000 | N41: =$D$41/8 -> 5000 | O41: =$D$41/8 -> 5000 | P41: =$D$41/8 -> 5000 | S41: =SUM(I41:P41) -> 40000 | T41: =T39+S41 -> 2809778.3
C43: INTERVENTORIA | D43: =PPTO!N32/1000 -> 134038.51 | I43: =$D$43/8 -> 16754.814 | J43: =$D$43/8 -> 16754.814 | K43: =$D$43/8 -> 16754.814 | L43: =$D$43/8 -> 16754.814 | M43: =$D$43/8 -> 16754.814 | N43: =$D$43/8 -> 16754.814 | O43: =$D$43/8 -> 16754.814 | P43: =$D$43/8 -> 16754.814 | S43: =SUM(I43:P43) -> 134038.51 | T43: =T41+S43 -> 2943816.8
C45: PRESUPUESTO SST | D45: =PPTO!N31/1000 -> 36820.4 | I45: =$D$45/8 -> 4602.55 | J45: =$D$45/8 -> 4602.55 | K45: =$D$45/8 -> 4602.55 | L45: =$D$45/8 -> 4602.55 | M45: =$D$45/8 -> 4602.55 | N45: =$D$45/8 -> 4602.55 | O45: =$D$45/8 -> 4602.55 | P45: =$D$45/8 -> 4602.55 | S45: =SUM(I45:P45) -> 36820.4 | T45: =T43+S45 -> 2980637.2
C47: LIQUIDACION
C48: COSTO DEL PROYECTO | D48: =+D27+D19 -> 2980637.2 | E48: =+D48/D9 -> 1 | I48: =+I19+I27 -> 646208.45 | J48: =+J19+J27 -> 339444.66 | K48: =+K19+K27 -> 330414.01 | L48: =+L19+L27 -> 330414.01 | M48: =+M19+M27 -> 330414.01 | N48: =+N19+N27 -> 330414.01 | O48: =+O19+O27 -> 330414.01 | P48: =+P19+P27 -> 342914.01 | S48: =SUM(I48:P48) -> 2980637.2
C50: TOTAL MES | I50: =SUM(I48:I48) -> 646208.45 | J50: =SUM(J48:J48) -> 339444.66 | K50: =SUM(K48:K48) -> 330414.01 | L50: =SUM(L48:L48) -> 330414.01 | M50: =SUM(M48:M48) -> 330414.01 | N50: =SUM(N48:N48) -> 330414.01 | O50: =SUM(O48:O48) -> 330414.01 | P50: =SUM(P48:P48) -> 342914.01
C51: TOTAL ACUMULADO | I51: =+I50 -> 646208.45 | J51: =+J50+I51 -> 985653.11 | K51: =+K50+J51 -> 1316067.1 | L51: =+L50+K51 -> 1646481.1 | M51: =+M50+L51 -> 1976895.1 | N51: =+N50+M51 -> 2307309.2 | O51: =+O50+N51 -> 2637723.2 | P51: =+P50+O51 -> 2980637.2
C52: % MES | I52: =I50/$D$9 -> 0.21680212 | J52: =J50/$D$9 -> 0.11388325 | K52: =K50/$D$9 -> 0.11085348 | L52: =L50/$D$9 -> 0.11085348 | M52: =M50/$D$9 -> 0.11085348 | N52: =N50/$D$9 -> 0.11085348 | O52: =O50/$D$9 -> 0.11085348 | P52: =P50/$D$9 -> 0.11504722
C53: % ACUMULADO | I53: =+I52 -> 0.21680212 | J53: =+J52+I53 -> 0.33068537 | K53: =+K52+J53 -> 0.44153885 | L53: =+L52+K53 -> 0.55239234 | M53: =+M52+L53 -> 0.66324582 | N53: =+N52+M53 -> 0.7740993 | O53: =+O52+N53 -> 0.88495278 | P53: =+P52+O53 -> 1
B55: Nota: cifras en miles de pesos
C56: Ruta critica
D61: ING. NESTOR MARQUEZ CARRILLO
D62: Secretario de Planeación e infraestructura
D63: INGENIERO CIVIL

Sheet Cadena de valor
I3: OBJETO: MEJORAMIENTO DE LAS VIAS RURALES DE LAS VEREDAS PEÑAS DE CAJON SECTOR LA CABECERA, VEREDA PALACIO SECTOR EL TENDIDO, VEREDA CHIPAQUIN SECTOR CHIPAQUIN, VEREDA OJO DE AGUA SECTOR LA ESCUELA, VEREDA NOVOA SECTOR LA Y, VEREDA SANTA BARBARA SECTOR LA QUINTA, VEREDA PALACIO SECTOR ENTREPIEDRA Y VEREDA PEDREGAL SECTOR TRES ESQUINAS DEL MUNICIPIO DE SUTATAUSA CUNDINAMARCA | M3: AVAL
C5: Nombre del proyecto | D5: Mejoramiento de vías terciarias
C6: Código del proyecto
C7: Objetivo general proyecto | D7: Mejorar la intercomunicación terrestre de una parte de la población rural de la entidad territorial
B8: Causa directa (1) | C8: Objetivo específico (1) | D8: Producto | E8: Unidad de medida | F8: Código CPC | G8: Producto CPC | H8: Actividad | I8: Código CIIU | J8: Actividad CIIU | K8: Costo Unitario Anual | M8: Costo Total (Incluye AIU)
B9: Deterioro de las vías terciarias del municipio | C9: Mejorar vías terciarias del municipio | D9: Vía terciaria mejorada | E9: km | F9: 83190 | G9: Otros servicios de gestión, excepto los servicios de administración de proyectos de construcción | H9: Realizar obras preliminares | M9: =PPTO!N17*1.35 -> 3.2362647e+08
H10: Implementar el mejoramiento de vías terciarias para la estructura de pavimento | M10: =PPTO!N23*1.35+PPTO!N27+PPTO!N30+PPTO!N28 -> 2.4761244e+09
H11: Desarrollar la interventoría del proyecto | K11: =SUM(K9:K10)*0.1 -> 0 | M11: =PPTO!N32 -> 134038510
D12: Costo total construcción | K12: =SUM(K9:K11) -> 0 | M12: =SUM(M9:M11) -> 2.9337894e+09
D15: Costo de mantenimiento anual | K15: =SUM(K13:K14) -> 0 | M15: =+M13+M14 -> 0
B16: Causa directa (2) | C16: Objetivo específico (2) | D16: Producto | E16: Unidad de medida | F16: Código CPC | G16: Producto CPC | H16: Actividad | I16: Código CIIU | J16: Actividad CIIU

Sheet Adicional Caracterización
B2: PRESUPUESTO DE CARACTERIZACIÓN VIAL
D5: Longitud a caracterizar (km) | F5: 7
B7: CONCEPTO | C7: V.M./BASE | D7: Dedicación | E7: Duración (mes) | F7: V.PARCIAL
B8: Ingeniero SIG | C8: 3500000 | D8: 1 | E8: 0.15 | F8: =E8*D8*C8 -> 525000
B9: Ingeniero de levantamiento de campo | C9: 2500000 | D9: 1 | E9: =$E$8 -> 0.15 | F9: =E9*D9*C9 -> 375000
B10: Conductor | C10: 900000 | D10: 0.5 | E10: =$E$8 -> 0.15 | F10: =E10*D10*C10 -> 67500
B11: GASTOS PERSONAL | F11: =SUM(F8:F10) -> 967500
B13: Alquiler GPS y equipos topográficos | C13: 2000000 | D13: 0.55 | E13: =$E$8 -> 0.15 | F13: =E13*D13*C13 -> 165000
B14: Computador Portátil | C14: 1400000 | D14: 0.4 | E14: =$E$8 -> 0.15 | F14: =E14*D14*C14 -> 84000
B15: Cámara | C15: 600000 | D15: 0.2 | E15: =$E$8 -> 0.15 | F15: =E15*D15*C15 -> 18000
B16: Transportes | C16: 516650 | D16: 0.2 | E16: =$E$8 -> 0.15 | F16: =E16*D16*C16 -> 15499.5
B17: GASTOS OPERACIONALES | F17: =SUM(F13:F16) -> 282499.5
B19: COSTO TOTAL * km | F19: =F17+F11 -> 1249999.5
B20: De acuerdo con la resolución 0412 26 de febrero de 2020 para quien realice la caracterización vial, deberá cumplir con lo establecido en el ministerio de transporte.
B28: ING. NESTOR MARQUEZ CARRILLO
B29: Secretario de Planeación e infraestructura
B30: INGENIERO CIVIL
